 Dungeon Crawl Stone Soup version 0.31-a0-876-gfe8ebadbca (webtiles) character file.

Game seed: 10688089805953817903

10045088 Charly the Archmage (level 27, 323/323 HPs)
             Began as a Demonspawn Ice Elementalist on Oct 13, 2023.
             Was a Follower of Uskayaw.
             Escaped with the Orb
             ... and 15 runes on Oct 14, 2023!
             The game lasted 08:05:06 (170248 turns).

Charly the Archmage (Demonspawn Ice Elementalist) Turns: 170248, Time: 08:05:06

Health: 323/323    AC: 25    Str:  9    XL:     27
Magic:  72/72      EV: 17    Int: 51    God:    Uskayaw [*.....]
Gold:   18665      SH: 12    Dex: 14    Spells: 1/80 levels left

rFire   + + +        a - staff of Twilight {rPois rF+ rC+ Int+4 Ice}
rCold   + + +        m - +0 buckler of Inference {rF++ Will- MP+9 Int+3}
rNeg    + . .        w - +2 leather armour of a sewer {MP+9 Str+2 Int+2 Stlth-}
rPois   +            (helmet unavailable)
rElec   .            d - +2 cloak {Will+}
rCorr   +            t - +2 pair of gloves of the Equator {Int+7}
SInv    +            V - +1 pair of boots "Hogh" {rC+ rN+}
Will    +++..        Q - dreamshard necklace {Acrobat *Dream}
Stlth   +++          C - ring of the Mage {Wiz Archmagi}
HPRegen 0.73/turn    R - ring "Barph" {rF+ rC+ Will+ Str-3 Int+8}
MPRegen 0.43/turn

%: acrobat, wizardry (x1), archmagi
@: studying 11 skills
A: antennae 3, yellow scales 3, foul stench 3, icemail 2, robust 3, condensation
shield, cold resistance 1, dopey 1, wild magic 1, MP-powered wands
0: Orb of Zot
}: 15/15 runes: decaying, slimy, silver, golden, iron, obsidian, icy, bone,
abyssal, demonic, glowing, magical, fiery, dark, gossamer
a: Renounce Religion, Stomp


You escaped.
You worshipped Uskayaw.
Uskayaw was exalted by your worship.
You visited 18 branches of the dungeon, and saw 88 of its levels.
You visited Pandemonium 2 times, and saw 19 of its levels.
You visited the Abyss 2 times.
You completed 2 ziggurats, and saw 54 of their levels.
You also visited: Trove, Bailey and Ice Cave.

You collected 26669 gold pieces.
You spent 8004 gold pieces at shops.

Inventory:

Missiles
 u - 10 throwing nets
Armour
 d - a +2 cloak of willpower (worn)
 m - the +0 buckler of Inference (worn) {rF++ Will- MP+9 Int+3}
   (You found it on level 19 of a ziggurat)

   Int+3:     It affects your intelligence (+3).
   rF++:      It greatly protects you from fire.
   Will-:     It decreases your willpower.
   MP+9:      It affects your magic capacity (+9).
 t - the +2 pair of gloves of the Equator (worn) {Int+7}
   (You found it on level 20 of a ziggurat)

   Int+7:     It affects your intelligence (+7).
 w - the +2 leather armour of a sewer (worn) {MP+9 Str+2 Int+2 Stlth-}
   (You found it on level 18 of a ziggurat)

   Str+2:     It affects your strength (+2).
   Int+2:     It affects your intelligence (+2).
   MP+9:      It affects your magic capacity (+9).
   Stlth-:    It makes you less stealthy.
 V - the +1 pair of boots "Hogh" (worn) {rC+ rN+}
   (You found it on level 22 of a ziggurat)

   rC+:       It protects you from cold.
   rN+:       It protects you from negative energy.
Magical Staves
 a - the staff of Twilight (weapon) {rPois rF+ rC+ Int+4 Ice}
   (You found it on level 12 of a ziggurat)

   [staff of cold]

   Base accuracy: +5 Base damage: 5 Base attack delay: 1.2 This weapon's minimum
   attack delay (0.6) is reached at skill level 12.
   Int+4:     It affects your intelligence (+4).
   rF+:       It protects you from fire.
   rC+:       It protects you from cold.
   rPois:     It protects you from poison Ice: It increases the power of your
   Ice spells.
   It falls into the 'Staves' category.
   It is a one-handed weapon.
 b - the staff "Vaemom" {rElec rN+ Will- Int+8 Dex-2 Necro}
   (You took it off a deep elf death mage on level 3 of the Elven Halls)

   [staff of death]

   Base accuracy: +5 Base damage: 5 Base attack delay: 1.2 This weapon's minimum
   attack delay (0.6) is reached at skill level 12.
   Int+8:     It affects your intelligence (+8).
   Dex-2:     It affects your dexterity (-2).
   rElec:     It insulates you from electricity.
   rN+:       It protects you from negative energy.
   Will-:     It decreases your willpower.
   Necro:     It increases the power of your Necromancy spells.
   It falls into the 'Staves' category.
   It is a one-handed weapon.
Jewellery
 f - the ring of Evokon {rElec rF+++ rCorr Str-3 Int+6}
   (You took it off a deep elf pyromancer on level 3 of the Elven Halls)

   [ring of intelligence]

   Str-3:     It affects your strength (-3).
   Int+6:     It affects your intelligence (+6).
   rF+++:     It renders you almost immune to fire.
   rElec:     It insulates you from electricity.
   rCorr:     It protects you from acid and corrosion.
 p - the ring of Monotheism {rPois Str+2 Int+6 SInv}
   (You found it on level 14 of the Dungeon)

   [ring of see invisible]

   Str+2:     It affects your strength (+2).
   Int+6:     It affects your intelligence (+6).
   rPois:     It protects you from poison SInv: It lets you see invisible.
 y - the amulet of the Four Winds {rN+ Will+++ Clar}
   (You bought it in a shop on level 3 of the Depths)

   [amulet of nothing]

   rN+:       It protects you from negative energy.
   Will+++:   It greatly increases your willpower.
   Clar:      It protects you from confusion, rage, mesmerisation and fear.
 C - the ring of the Mage (left hand) {Wiz Archmagi}
   (You found it on level 27 of a ziggurat)

   [ring of wizardry]

   Wiz:       It improves your spell success rate.
   Archmagi:  It increases the power of your magical spells.
 Q - the dreamshard necklace (around neck) {Acrobat *Dream}
   (You found it on level 27 of a ziggurat)

   [amulet of the acrobat]

   *Dream:    It absorbs a single lethal wound into itself, holding its wearer
   just short of death and releasing dream-creatures to guard them.
   Acrobat:   It increases your evasion while moving and waiting.
 R - the ring "Barph" (right hand) {rF+ rC+ Will+ Str-3 Int+8}
   (You bought it in a shop on level 1 of the Elven Halls)

   [ring of protection from fire]

   Str-3:     It affects your strength (-3).
   Int+8:     It affects your intelligence (+8).
   rF+:       It protects you from fire.
   rC+:       It protects you from cold.
   Will+:     It increases your willpower.
 Z - the ring "Yffiakla" {Will- MP+9 Int+4}
   (You found it on level 13 of a ziggurat)

   [ring of magical power]

   Int+4:     It affects your intelligence (+4).
   Will-:     It decreases your willpower.
   MP+9:      It affects your magic capacity (+9).
Talismans
 F - a talisman of death
Wands
 i - a wand of iceblast (194)
 x - a wand of quicksilver (91)
 B - a wand of mindburst (151)
 K - a wand of paralysis (224)
 T - a wand of digging (61)
Scrolls
 h - 13 scrolls of fear
 j - 13 scrolls of silence
 q - 12 scrolls of enchant armour
 D - 10 scrolls of revelation
 E - 8 scrolls of poison
 H - 39 scrolls of fog
 J - 22 scrolls of blinking
 L - 58 scrolls of teleportation
 S - 6 scrolls of summoning
 U - 14 scrolls of vulnerability
 W - 19 scrolls of immolation
Potions
 c - a potion of magic
 e - 9 potions of haste
 g - 13 potions of lignification
 k - 28 potions of curing
 l - 47 potions of mutation
 n - 3 potions of invisibility
 o - 8 potions of cancellation
 r - a potion of ambrosia
 G - 5 potions of resistance
 M - 2 potions of brilliance
 N - 42 potions of heal wounds
 O - 5 potions of attraction
 X - 13 potions of enlightenment
Miscellaneous
 s - a condenser vane
 v - a phantom mirror
 z - a phial of floods
 A - the horn of Geryon
 I - a box of beasts
 P - 2 +2 figurines of a ziggurat
 Y - a lightning rod (4/4)


   Skills:
 O Level 27 Fighting
 - Level 8.0 Short Blades
 + Level 13.3 Dodging
 + Level 24.4 Stealth
 + Level 15.1 Shields
 O Level 27 Spellcasting
 - Level 22.0 Conjurations
 - Level 4.0 Hexes
 - Level 23.0 Necromancy
 + Level 12.7 Translocations
 - Level 5.0 Transmutations
 + Level 20.3 Fire Magic
 - Level 25.0 Ice Magic
 + Level 20.3 Air Magic
 + Level 22.1 Earth Magic
 O Level 27 Invocations
 O Level 27 Evocations
 - Level 23.0 Shapeshifting


You had one spell level left.
You knew the following spells:

 Your Spells              Type           Power      Damage    Failure   Level
a - Fire Storm            Conj/Fire      89%        8d23      2%          9
b - Blink                 Tloc           100%       N/A       1%          2
d - Dispersal             Tloc           78%        N/A       1%          6
i - Ignition              Fire           88%        3d23      1%          8
m - Sublimation of Blood  Necr           100%       N/A       1%          2
v - Polar Vortex          Ice            100%       12d13*    1%          9
z - Shatter               Erth           91%        3d65*     1%          9
C - Chain Lightning       Conj/Air       89%        3d119     2%          9
D - Death's Door          Necr           92%        N/A       1%          9
M - Maxwell's Capacitive  Air            88%        ∞         1%          8
R - Borgnjor's Revivific  Necr           92%        N/A       1%          8

Your spell library contained the following spells:

 Spells                   Type           Power      Damage    Failure   Level
 Apportation              Tloc           100%       N/A       1%          1
 Foxfire                  Conj/Fire      100%       2x1d9     1%          1
 Freeze                   Ice            100%       1d10      1%          1
 Kiss of Death            Conj/Necr      100%       2d13      1%          1
 Magic Dart               Conj           100%       1d8       1%          1
 Necrotise                Necr           100%       1d9       1%          1
 Sandblast                Erth           100%       2d20      1%          1
 Shock                    Conj/Air       100%       1d9       1%          1
 Slow                     Hex            100%       N/A       1%          1
 Sting                    Tmut/Pois      100%       1d8       1%          1
 Summon Small Mammal      Summ           100%       N/A       1%          1
 Call Imp                 Summ           100%       N/A       1%          2
 Cigotuvi's Dreadful Rot  Necr/Pois/Air  100%       N/A       1%          2
 Ensorcelled Hibernation  Hex/Ice        100%       N/A       1%          2
 Jinxbite                 Hex            100%       N/A       1%          2
 Lesser Beckoning         Tloc           100%       N/A       1%          2
 Momentum Strike          Conj/Tloc      100%       3d10      1%          2
 Passwall                 Tmut/Erth      100%       N/A       1%          2
 Poisonous Vapours        Pois/Air       100%       N/A       1%          2
 Scorch                   Fire           100%       2d9       1%          2
 Searing Ray              Conj           100%       2d8       1%          2
 Static Discharge         Conj/Air       100%       2-7/arc   1%          2
 Wereblood                Tmut           100%       N/A       1%          2
 Call Canine Familiar     Summ           94%        N/A       1%          3
 Confusing Touch          Hex            100%       N/A       1%          3
 Dazzling Flash           Conj/Hex       100%       N/A       1%          3
 Frozen Ramparts          Ice            100%       1d16      1%          3
 Gell's Gravitas          Tloc           100%       N/A       1%          3
 Hailstorm                Conj/Ice       100%       3d20      1%          3
 Ignite Poison            Fire/Tmut/Pois 100%       N/A       1%          3
 Inner Flame              Hex/Fire       100%       N/A       1%          3
 Mephitic Cloud           Conj/Pois/Air  100%       N/A       1%          3
 Ozocubu's Armour         Ice            100%       N/A       1%          3
 Sigil of Binding         Hex            100%       N/A       1%          3
 Stone Arrow              Conj/Erth      100%       3d13      1%          3
 Summon Guardian Golem    Hex/Summ       100%       N/A       1%          3
 Swiftness                Air            100%       N/A       1%          3
 Teleport Other           Tloc           100%       N/A       1%          3
 Tukima's Dance           Hex            100%       N/A       1%          3
 Vampiric Draining        Necr           100%       2d13      1%          3
 Volatile Blastmotes      Fire/Tloc      100%       2d18      1%          3
 Airstrike                Air            88%        2d(13-29) 1%          4
 Anguish                  Hex/Necr       79%        N/A       1%          4
 Animate Armour           Summ/Erth      100%       N/A       1%          4
 Animate Dead             Necr           100%       N/A       1%          4
 Brom's Barrelling Bould  Conj/Erth      100%       2d11      1%          4
 Cause Fear               Hex            59%        N/A       1%          4
 Dimensional Bullseye     Hex/Tloc       70%        N/A       1%          4
 Dispel Undead            Necr           100%       3d31      1%          4
 Flame Wave               Conj/Fire      100%       2d21      1%          4
 Fulminant Prism          Conj/Hex       78%        3d32      1%          4
 Iskenderun's Mystic Bla  Conj/Tloc      100%       2d19      1%          4
 Leda's Liquefaction      Hex/Erth       78%        N/A       1%          4
 Manifold Assault         Tloc           100%       N/A       1%          4
 Olgreb's Toxic Radiance  Pois           94%        N/A       1%          4
 Passage of Golubria      Tloc           100%       N/A       1%          4
 Petrify                  Tmut/Erth      100%       N/A       1%          4
 Sticky Flame             Conj/Fire      100%       2d11      1%          4
 Summon Ice Beast         Ice/Summ       100%       N/A       1%          4
 Summon Lightning Spire   Summ/Air       100%       N/A       1%          4
 Vhi's Electric Charge    Tloc/Air       100%       N/A       1%          4
 Agony                    Necr           100%       N/A       1%          5
 Alistair's Intoxication  Tmut/Pois      74%        N/A       1%          5
 Arcjolt                  Conj/Air       89%        1d99      1%          5
 Borgnjor's Vile Clutch   Necr/Erth      91%        N/A       1%          5
 Fireball                 Conj/Fire      89%        3d33      1%          5
 Freezing Cloud           Conj/Ice/Air   100%       6-21      1%          5
 Irradiate                Conj/Tmut      79%        3d38      1%          5
 Iskenderun's Battlesphe  Conj           100%       2d15      1%          5
 Lee's Rapid Deconstruct  Erth           91%        3d40*     1%          5
 Metabolic Englaciation   Hex/Ice        94%        N/A       1%          5
 Silence                  Hex/Air        77%        N/A       1%          5
 Summon Forest            Summ/Tloc      65%        N/A       1%          5
 Yara's Violent Unravell  Hex/Tmut       61%        3d23      1%          5
 Bombard                  Conj/Erth      91%        9d14      1%          6
 Conjure Ball Lightning   Conj/Air       89%        3x3d33    1%          6
 Death Channel            Necr           92%        N/A       1%          6
 Plasma Beam              Fire/Air       88%        2x1d107   1%          6
 Simulacrum               Ice/Necr       100%       N/A       1%          6
 Starburst                Conj/Fire      89%        6d22      1%          6
 Haunt                    Necr/Summ      76%        N/A       1%          7
 Orb of Destruction       Conj           90%        9d20      1%          7
 Ozocubu's Refrigeration  Ice            100%       4d29      1%          7
 Spellforged Servitor     Conj/Summ      75%        N/A       1%          7
 Infestation              Necr           92%        N/A       1%          8
 Lehudib's Crystal Spear  Conj/Erth      91%        10d20     1%          8
 Summon Mana Viper        Hex/Summ       100%       N/A       2%          5
 Disjunction              Tloc           78%        N/A       5%          8
 Eringya's Noxious Bog    Tmut/Pois      55%        4d6       8%          6
 Malign Gateway           Summ/Tloc      65%        N/A       9%          7
 Summon Cactus Giant      Summ           47%        N/A       21%         6
 Enfeeble                 Hex            59%        N/A       21%         7
 Monstrous Menagerie      Summ           47%        N/A       65%         7
 Summon Hydra             Summ           47%        N/A       65%         7
 Discord                  Hex            59%        N/A       78%         8
 Summon Horrible Things   Summ           47%        N/A       99%         8
 Dragon's Call            Summ           47%        N/A       100%        9


Dungeon Overview and Level Annotations

Branches:
Dungeon (15/15)            Temple (1/1) D:5            Lair (5/5) D:10
  Swamp (4/4) Lair:3       Spider (4/4) Lair:2        Slime (5/5) Lair:5
    Orc (2/2) D:9             Elf (3/3) Orc:2        Vaults (5/5) D:13
  Crypt (3/3) Vaults:3       Tomb (3/3) Crypt:3      Depths (4/4) D:15
   Hell (visited)             Dis (7/7) Hell            Geh (7/7) Hell
    Coc (7/7) Hell            Tar (7/7) Hell            Zot (5/5) Depths:4
 Bailey (visited)           IceCv (visited)

Altars:
Ashenzari
Cheibriados
Dithmenos
Fedhas
Gozag
Hepliaklqana
Kikubaaqudgha
Makhleb
Nemelex Xobeh
Okawaru
Qazlal
Ru
Sif Muna
Trog
Uskayaw
Vehumet
Wu Jian
Xom
Yredelemnul
Jiyva
Lugonu

Shops:
D:2 (   D:13 !   Orc:1 =   Orc:2 *?:[   Elf:1 =   Vaults:2 !*!   Depths:1 :
Depths:3 =[

Portals:
Hell: Depths:1 Depths:2 Depths:3 Depths:4
Abyss: Depths:3 Depths:4
Pandemonium: Orc:2 Depths:1 Depths:2 Depths:3

Annotations:
Elf:2 3 runed translucent doors
Zot:4 1 runed translucent door, Toelubet's ghost, veteran CeHu


Innate Abilities, Weirdness & Mutations

You have a pair of large antennae on your head. (SInv)
You are completely covered in yellow scales. (AC +4, rCorr)
You frequently emit foul miasma when damaged in melee.
A meltable icy envelope protects you from harm. (AC +8)
You are extremely robust. (+30% HP)
A meltable shield of frost defends you. (SH +4)
Your flesh is cold resistant. (rC+)
You are dopey. (Int -2)
Your spells are a little harder to cast, but a little more powerful.
You expend magic power (3 MP) to strengthen your wands.


Message History

An Orb Guardian comes into view.
You kill the Orb Guardian!
The winds around you start to calm down.
You float gracefully downwards.
Uskayaw will force your foes to share their pain.
What level of the Dungeon? (default 1, ? - help)
You are engulfed in whirling frost.
You are engulfed in whirling frost.
The winds around you calm down.
There is a stone staircase leading up here.
You climb upwards.
There is a stone staircase leading down here.
A red devil comes into view. It is wielding a +3 trident.
Casting: Polar Vortex (mildly dangerous; 1% risk of failure)
Confirm with . or Enter, or press ? or * to list all spells.
You feel a strong surge of power!
A great freezing vortex appears and lifts you up.
You kill the red devil!
There is a stone staircase leading up here.
You fly upwards.
There is a stone staircase leading down here.
What level of the Dungeon? (default 1, ? - help)
The winds around you calm down.
There is a stone staircase leading up here.
You climb upwards.
There is a stone staircase leading down here.
There is a stone staircase leading up here.
You climb upwards.
There is a stone staircase leading down here.
Magic restored.
There is a stone staircase leading up here.
You climb upwards.
There is a stone staircase leading down here.
There is a stone staircase leading up here.
You climb upwards.
There is a stone staircase leading down here.
There is an open door here.
There is a staircase leading out of the dungeon here.
Okay, then.
You have escaped!

#.#
#.###.........#######..##
#.#
#.....#######....#....##
#.# ####..# ####.#.####
#.#
#..##########.#.######
#.#
#..........##.....(...
#.#
#.########.###########
#.# #........#.# #.#
########.#.# #.#
######@###### #.#
#...........# #.#
####'####'####'# #.#
#.......#.##.#>#
#.######.#####...##.#.#
.........# #.####.#.#
#.######## #.# #.#.# #.#
#####.####.#)######## #.#
#..........)........#


There were no monsters in sight!

Vanquished Creatures
  Cerebov (Pan)
  Antaeus (Coc:7)
  Asmodeus (Geh:7)
  the Royal Jelly (Slime:5)
  Ereshkigal (Tar:7)
  Dissolution (Slime:4)
  Ignacio (Pan)
  the Serpent of Hell (Dis:7)
  Gloorx Vloq (Pan)
  Lom Lobon (Pan)
  Mnoleg (Pan)
  11 dread liches
  13 ancient liches
  Khufu (Crypt:3)
  Dispater (Dis:7)
  6 orbs of fire
  26 pandemonium lords
  The ghost of Emorepp the Imperceptible, a legendary GnSk of Dithmenos (Zot:2)
  Mara (Elf:3)
  Mennas (Depths:3)
  4 juggernauts
  42 royal mummies
  12 Killer Klowns
  Xtahua (Crypt:1)
  26 shard shrikes
  2 curse toes
  38 caustic shrikes
  Geryon (Hell)
  42 golden dragons
  The ghost of Gathuos the Earth Mage, an adept OpEE of Vehumet (Crypt:1)
  12 profane servitors
  Arachne (Spider:2)
  A pearl dragon (Pan)
  7 doom hounds
  18 iron giants
  22 bone dragons
  22 Brimstone Fiends
  8 electric golems
  27 Tzitzimimeh
  22 hellephants
  Rupert (Spider:1)
  A spectral shard shrike (Tar:5)
  36 Ice Fiends
  37 Hell Sentinels
  41 tentacled monstrosities
  A walking crystal tome (Zig:23)
  2 shard shrike zombies
  A walking earthen tome (Zig:16)
  11 liches
  Mlioglotl (Spider:2)
  17 tainted leviathans
  24 Orb Guardians
  11 quicksilver dragons
  A walking frostbound tome (Zig:23)
  33 titans
  35 acid blobs
  17 sphinxes
  14 deep elf master archers
  15 Executioners
  16 death cobs
  39 ancient champions
  12 deep elf blademasters
  28 searing wretches
  18 tentacled starspawn
  19 shadow dragons
  6 tengu reavers
  35 draconian monks
  16 storm dragons
  2 thorn hunters
  Kirke (Lair:4)
  3 shadow dragons (shapeshifter) (Zig:24)
  5 demonspawn warmongers
  5 revenants
  20 rockslimes
  23 nagarajas
  Donald (Elf:3)
  5 fenstrider witches
  5 daevas
  19 azure jellies
  27 draconian knights
  An emperor scorpion (shapeshifter) (Vaults:5)
  17 narguns
  24 frost giants
  A frost giant (shapeshifter) (Zig:24)
  12 deep elf sorcerers
  22 fire giants
  12 emperor scorpions
  5 shard shrike simulacra
  14 iron dragons
  16 vault wardens
  28 draconian scorchers
  25 quicksilver elementals
  51 balrugs
  Louise (Swamp:1)
  27 ghost moths
  A juggernaut zombie (Crypt:3)
  5 deep elf elementalists
  30 orc warlords
  A spectral juggernaut (Tar:5)
  5 ghouls
  27 draconian stormcallers
  5 curse skulls
  20 cacodemons
  9 angels
  2 formless jellyfish (shapeshifter)
  4 broodmothers
  32 draconian shifters
  16 ironbound preservers
  2 caustic shrike zombies (Hell)
  4 caustic shrike skeletons
  18 reapers
  47 war gargoyles
  33 draconian annihilators
  21 quicksilver oozes
  5 demonspawn blood saints
  5 demonspawn corrupters (Pan)
  A quicksilver ooze (shapeshifter) (Zig:24)
  23 very ugly things
  22 vampire knights
  16 black draconians
  An eleionoma (shapeshifter) (Zig:9)
  8 formless jellyfish
  12 eleionomae
  9 apis (Pan)
  2 ophanim (Pan)
  9 lorocyprocas
  14 dire elephants
  11 ironbound thunderhulks
  5 demonspawn black suns
  31 stone giants
  4 juggernaut skeletons
  A spectral titan (Tar:5)
  20 wendigos
  24 green draconians
  25 deep elf demonologists
  Azrael (D:13)
  30 putrid mouths
  32 elemental wellsprings
  12 bennus
  26 purple draconians
  19 white draconians
  12 spark wasps
  18 starcursed masses
  9 bunyips
  24 red draconians
  12 eidola
  27 deep elf annihilators
  The ghost of AncientFaroe the Basher, a journeyman MiFi of Okawaru (D:13)
  22 yellow draconians
  5 crystal guardians
  19 blizzard demons
  45 iron golems
  9 deep elf death magi
  19 ettins
  38 mummy priests
  20 great orbs of eyes
  45 green deaths
  14 merfolk javelineers
  Josephine (Spider:1)
  10 merfolk impalers
  The ghost of Foesebre the Cleaver, a journeyman HOMo of Beogh (Lair:1)
  24 jiangshi
  13 entropy weavers
  2 fire dragons
  6 spectral spriggans
  9 ghost crabs
  A kraken zombie (Hell)
  A fenstrider witch zombie (Crypt:2)
  2 entropy weavers (shapeshifter)
  A quicksilver dragon zombie (Crypt:2)
  26 deep elf high priests
  9 spriggan zombies
  A rakshasa (Depths:3)
  6 spriggan air magi
  17 shambling mangroves
  24 ice dragons
  A hell beast (Depths:2)
  2 ogre magi (Vaults:5)
  19 yaktaur captains
  9 juggernaut simulacra
  31 vault guards
  12 caustic shrike simulacra
  A sphinx zombie (Zig:9)
  2 peacekeepers
  42 salamander tyrants
  6 stokers
  6 anacondas
  4 spriggan skeletons
  9 centaur warriors
  5 merfolk avatars
  3 demonspawn (Orc:2)
  3 jorogumos
  7 radroaches
  9 alligator snapping turtles
  11 ironbound frosthearts
  An alligator snapping turtle (shapeshifter) (Zig:24)
  13 alligators
  36 hydras
  45 dancing weapons
  6 satyrs
  2 tengu warriors
  21 merfolk aquamancers
  14 death yaks
  5 death knights
  4 two-headed ogres
  A two-headed ogre (shapeshifter) (Zig:20)
  An azure jelly zombie (Crypt:3)
  42 hell hogs
  10 boulder beetles
  64 death scarabs
  8 naga warriors
  2 sphinx skeletons
  2 deep troll earth magi
  3 deep troll shamans
  26 demonic crawlers
  13 vampire magi
  40 orc high priests
  A spectral naga (Tar:3)
  6 spriggan berserkers
  25 soul eaters
  19 hell knights
  Sonja (D:12)
  28 crystal echidnas
  8 naga sharpshooters
  6 thrashing horrors
  13 shock serpents
  A fire crab (D:13)
  33 deep elf knights
  14 iron trolls
  49 sun demons
  An iron troll (shapeshifter) (Zig:24)
  Nergalle (Orc:1)
  15 sixfirhies
  52 skeletal warriors
  5 spatial maelstroms
  2 titan skeletons
  33 shadow wraiths
  17 wretched stars
  A fire crab (shapeshifter) (Elf:1)
  8 pharaoh ants
  A spectral death yak (Lair:5)
  A sun moth (Spider:4)
  6 goliath frogs
  3 skysharks (Lair:5)
  7 sea snakes
  A skyshark (shapeshifter) (Zig:18)
  A salamander mystic (Zig:10)
  6 flayed ghosts
  A bunyip zombie (Crypt:2)
  19 orb spiders
  6 cherubim (Depths:3)
  3 spark wasp zombies (Hell)
  2 anaconda zombies
  6 quicksilver dragon simulacra
  A glowing orange brain (shapeshifter) (Zig:12)
  A spectral anaconda (Lair:5)
  62 large abominations
  2 golden dragon zombies
  45 deep trolls
  10 death drakes
  9 spriggan druids
  7 glowing orange brains
  9 orange crystal statues
  41 deep elf archers
  8 shadow demons
  2 naga ritualists
  A spectral iron dragon (Tar:4)
  5 obsidian statues
  10 wizards
  30 swamp dragons
  10 steelbarb worms
  A steelbarb worm (shapeshifter) (Zig:26)
  39 phantasmal warriors
  A shadow dragon zombie (Zig:20)
  26 ironbound convokers
  Pikel (D:7)
  18 harpies
  A stone giant zombie (Crypt:3)
  2 frost giant zombies
  2 alligator zombies
  4 mana vipers
  5 bog bodies
  25 wolf spiders
  10 lindwurms
  18 necromancers
  15 orc knights
  63 deep elf pyromancers
  The ghost of wvc the Destroyer, a novice GrFE of Vehumet (D:8)
  2 mana vipers (shapeshifter)
  3 fire giant zombies
  2 fauns (shapeshifter)
  5 cyclopes
  51 deep elf zephyrmancers
  45 moths of wrath
  31 ugly things
  A shadow dragon skeleton (Zig:20)
  20 orc sorcerers
  3 worldbinders
  3 cyclopes (shapeshifter)
  An iron dragon zombie (Crypt:1)
  18 manticores
  An alligator skeleton (Hell)
  Joseph (D:7)
  19 fauns
  A guardian serpent (shapeshifter) (D:13)
  18 elephants (Lair:5)
  14 shining eyes
  An elephant (shapeshifter) (Zig:23)
  11 merfolk sirens
  23 black mambas
  8 centaur zombies
  12 guardian serpents
  7 will-o-the-wisps
  A fire giant skeleton (Crypt:2)
  A toenail golem (Pan)
  21 vault sentinels
  14 water nymphs
  2 human skeletons
  11 naga magi
  A gargoyle (D:10)
  8 rust devils
  An eye of devastation (Slime:5)
  2 frost giant skeletons (Depths:2)
  4 apocalypse crabs
  5 titan simulacra
  An eye of devastation (shapeshifter) (Zig:12)
  11 torpor snails
  58 smoke demons
  14 cane toads
  11 ice statues
  11 freezing wraiths
  5 centaur skeletons
  2 storm dragon simulacra
  A dire elephant skeleton (Lair:5)
  2 unseen horror zombies
  2 alligator snapping turtle zombies
  33 hellions
  26 orange demons
  11 ice devils
  2 kobold demonologists (Crypt:3)
  9 komodo dragons
  5 unseen horrors (Tar:7)
  5 anaconda simulacra
  A sea snake zombie (Hell)
  34 yaktaurs
  11 rime drakes
  9 efreet
  40 tormentors
  A komodo dragon (shapeshifter) (Zig:24)
  2 bunyip simulacra
  54 guardian mummies
  3 silent spectres
  5 spectral harpies
  A tengu conjurer (Depths:2)
  6 red devils
  A sea snake skeleton (Hell)
  2 harpy zombies (Crypt:3)
  3 golden dragon simulacra (Coc:7)
  2 unseen horror skeletons (D:10)
  48 merfolk
  4 polar bears
  9 meliai
  15 ancient zymes
  42 hornets
  An iron giant simulacrum (Coc:7)
  2 tengu simulacra
  16 hellwings
  11 trolls
  An elf skeleton (Vaults:3)
  2 polar bears (shapeshifter)
  A troll (shapeshifter) (D:8)
  A meliai zombie (D:10)
  A tarantella (shapeshifter) (Zig:20)
  9 wind drakes
  A shadow dragon simulacrum (Zig:24)
  9 bloated husks
  13 tyrant leeches
  15 raiju
  A hydra skeleton (Crypt:2)
  2 harpy skeletons
  18 tarantellas
  21 blink frogs
  5 dream sheep (Lair:4)
  A death drake skeleton (Crypt:2)
  3 ettin zombies
  A dream sheep (shapeshifter) (Zig:9)
  113 slime creatures
  A radroach zombie (Crypt:3)
  A snapping turtle (shapeshifter) (Zig:5)
  2 stone giant simulacra
  6 snapping turtles
  3 iron dragon simulacra
  3 slime creatures (shapeshifter)
  A culicivora (shapeshifter) (Zig:21)
  2 black mamba zombies
  54 flying skulls
  An ettin skeleton (Pan)
  28 jumping spiders
  A centaur simulacrum (Coc:2)
  19 culicivoras
  11 dire elephant simulacra
  19 spriggans
  3 wyverns
  23 water elementals
  24 wraiths
  4 shadows
  37 ynoxinuls
  28 ushabtiu
  A satyr skeleton (Crypt:3)
  6 air elementals
  67 yaks
  2 yaks (shapeshifter)
  2 alligator snapping turtle simulacra (Coc:3)
  4 basilisks
  9 golden eyes
  20 chaos spawn
  22 fire elementals
  4 hogs (Lair:4)
  Grum (Lair:1)
  A wind drake skeleton (Crypt:3)
  A steam dragon (D:8)
  59 redbacks
  33 neqoxecs
  A swamp worm (shapeshifter) (Zig:24)
  A human simulacrum (Vaults:3)
  23 vampire mosquitoes
  A yaktaur simulacrum (Vaults:3)
  4 death yak simulacra
  18 harpy simulacra
  A naga zombie (Tomb:1)
  A spectral cane toad (Lair:5)
  A two-headed ogre zombie (Crypt:1)
  15 wargs
  A spatial vortex (Abyss:2)
  16 swamp worms
  8 hell hounds
  A demonspawn zombie (Crypt:2)
  21 small abominations
  10 nagas
  A two-headed ogre skeleton (Crypt:1)
  A glowing shapeshifter skeleton (Depths:2)
  14 water moccasins
  3 floating eyes
  3 hydra simulacra
  2 sky beasts
  5 swamp drakes
  A dream sheep zombie (Crypt:3)
  10 ice beasts (Zig:24)
  90 orc warriors
  3 black bears
  2 ettin simulacra
  29 ogres
  19 wolves
  2 boggarts (Crypt:3)
  An elephant skeleton (Lair:5)
  15 centaurs
  A kobold brigand (D:8)
  Blork the orc (D:5)
  A nameless horror (IceCv)
  16 bullfrogs
  2 human zombies
  2 glowing shapeshifter simulacra
  4 cane toad simulacra
  14 earth elementals
  A necrophage (Crypt:3)
  2 gnoll sergeants
  A vine stalker zombie (Crypt:1)
  9 scorpions
  3 two-headed ogre simulacra (IceCv)
  A draconian skeleton (Crypt:3)
  8 wights (D:10)
  A troll zombie (Crypt:1)
  An elephant simulacrum (Lair:5)
  A warg skeleton (Crypt:2)
  6 killer bees (D:9)
  2 electric eels
  8 crimson imps (Pan)
  4 howler monkeys
  A quasit (Abyss:2)
  7 hounds
  4 jellies
  2 gnoll boudas
  29 orc priests
  A bullfrog skeleton (Crypt:2)
  An iguana (D:4)
  An iron imp (Abyss:2)
  A basilisk skeleton (Crypt:1)
  Ijyb (D:5)
  A sleepcap (D:7)
  34 orc wizards
  3 polar bear simulacra (IceCv)
  2 hell rats (D:10)
  2 troll simulacra (IceCv)
  9 spriggan simulacra
  A hound skeleton (Crypt:2)
  75 mummies
  3 howler monkey zombies (D:10)
  14 gnolls
  3 naga simulacra
  A steam dragon zombie (Crypt:2)
  5 adders
  3 river rats (D:10)
  3 shadow imps
  16 white imps
  7 ufetubi (IceCv)
  A lava snake zombie (Crypt:1)
  2 worms
  3 dart slugs
  108 orcs
  6 ball pythons
  3 endoplasms
  6 giant cockroaches
  7 goblins
  7 hobgoblins
  6 jackals
  5 quokkas
  5 bats
  14 kobolds
  2 rats (D:2)
  A rat skeleton (Crypt:2)
  5 creeping infernos
  11 fire vortices
  2 lurking horrors (Abyss:2)
  9 starspawn tentacles
  2 tentacles (Hell)
6285 creatures vanquished.

Vanquished Creatures (collateral kills)
  the Lernaean hydra (Swamp:4)
  Bai Suzhen (Spider:3)
  A Tzitzimitl (Tar:7)
  Jorgrun (Spider:3)
  3 Orb Guardians (Zot:5)
  An emperor scorpion (Spider:4)
  A vault warden (Vaults:2)
  A ghost moth (Spider:3)
  A draconian shifter (Zot:5)
  4 broodmothers (Spider:4)
  An ironbound preserver (Vaults:2)
  A red draconian (Zot:5)
  3 entropy weavers (Spider:4)
  An ice dragon (D:13)
  3 vault guards (Vaults:2)
  A centaur warrior (Vaults:2)
  2 hydras (Swamp:4)
  An ironbound frostheart (Vaults:1)
  3 alligators
  A demonic crawler (Spider:3)
  A shadow wraith (Tar:7)
  A sun moth (Spider:3)
  2 orb spiders (Spider:4)
  3 deep trolls (Vaults:2)
  A glowing orange brain (D:8)
  7 swamp dragons (Swamp:4)
  2 steelbarb worms (Spider:4)
  8 wolf spiders (Spider:4)
  3 elephants (Lair:5)
  A centaur zombie (D:10)
  A vault sentinel (Vaults:2)
  2 torpor snails
  A yaktaur (Vaults:1)
  2 tyrant leeches
  7 tarantellas
  4 jumping spiders
  9 culicivoras
  15 redbacks
  2 vampire mosquitoes (Spider:3)
  2 swamp drakes (Swamp:4)
  A cane toad simulacrum (Lair:5)
  A wight (D:10)
  4 two-headed ogre simulacra (IceCv)
  An elephant simulacrum (IceCv)
  2 centaur skeletons (D:10)
  A troll simulacrum (IceCv)
  A mummy (Tomb:1)
  4 naga simulacra (IceCv)
  A shadow imp (Tar:7)
  2 white imps (IceCv)
  2 ufetubi (IceCv)
126 creatures vanquished.

Vanquished Creatures (others)
  A golden dragon (Zig:21)
  A tentacled monstrosity (Zig:21)
  A dire elephant (Lair:5)
  A fire dragon (Lair:4)
  A hydra (Lair:5)
  A wretched star (Zig:14)
  A skeletal warrior (D:10)
  2 elephants (Lair:5)
  2 apocalypse crabs (Zig:24)
  A cane toad (Lair:2)
  A bloated husk (Swamp:4)
  A merfolk (Zig:23)
  A hornet (Zig:21)
  A hog (Lair:4)
  A vampire mosquito (D:14)
  3 ball lightnings (Pan)
  104 fire vortices
  2 foxfires (Zig:21)
  5 starspawn tentacles (Abyss:2)
  2 tentacles (Hell)
133 creatures vanquished.

Grand Total: 6544 creatures vanquished

Notes
Turn   | Place    | Note
-------+----------+-------------------------------------------
     0 | D:1      | Charly the Demonspawn Ice Elementalist began the quest for
                  | the Orb.
     0 | D:1      | Reached XP level 1. HP: 13/13 MP: 3/3
   375 | D:1      | Reached skill level 1 in Fighting
   418 | D:1      | Gained mutation: You are partially covered in yellow
                  | scales. (AC +2) [demonic ancestry]
   418 | D:1      | Reached XP level 2. HP: 19/21 MP: 1/5
  1243 | D:2      | Reached XP level 3. HP: 27/27 MP: 2/6
  1334 | D:2      | Learned a level 3 spell: Frozen Ramparts
  1620 | D:2      | Found Raezawk's Weapon Emporium.
  1635 | D:2      | Found a faded altar of an unknown god.
  1994 | D:3      | Noticed Jessica
  1997 | D:3      | Jessica changed into Jessica the ball python
  1997 | D:3      | Noticed Jessica
  2000 | D:3      | Killed Jessica the ball python
  2024 | D:3      | Gained mutation: You have a pair of small antennae on your
                  | head. [demonic ancestry]
  2024 | D:3      | Reached XP level 4. HP: 30/34 MP: 2/7
  2288 | D:3      | Found a basalt altar of Yredelemnul.
  2307 | D:3      | Found a hazy altar of Hepliaklqana.
  2417 | D:3      | Learned a level 3 spell: Ozocubu's Armour
  2420 | D:3      | Noticed a scorpion
  2425 | D:3      | Killed a scorpion
  2426 | D:3      | Reached XP level 5. HP: 41/41 MP: 8/8
  3325 | D:4      | Gained mutation: You may rarely emit foul miasma when
                  | damaged in melee. [demonic ancestry]
  3325 | D:4      | Reached XP level 6. HP: 47/47 MP: 10/10
  3416 | D:4      | Reached skill level 5 in Ice Magic
  3781 | D:5      | Entered Level 5 of the Dungeon
  3869 | D:5      | Learned a level 2 spell: Ensorcelled Hibernation
  3938 | D:5      | Reached skill level 1 in Evocations
  3969 | D:5      | Noticed Blork the orc
  4046 | D:5      | Found a staircase to the Ecumenical Temple.
  4048 | D:5      | Noticed Ijyb
  4051 | D:5      | Killed Ijyb
  4067 | Temple   | Entered the Ecumenical Temple
  4095 | Temple   | Became a worshipper of Uskayaw the Reveller
  4128 | D:5      | Reached * piety under Uskayaw
  4130 | D:5      | Reached skill level 1 in Hexes
  4178 | D:5      | Found an opulent altar of Gozag.
  4214 | D:5      | Reached ** piety under Uskayaw
  4223 | D:5      | Reached *** piety under Uskayaw
  4354 | D:5      | Killed Blork the orc
  4355 | D:5      | Gained mutation: A meltable shield of frost defends you.
                  | (SH +4) [demonic ancestry]
  4355 | D:5      | Reached XP level 7. HP: 44/52 MP: 7/12
  4635 | D:5      | Found a shimmering altar of Xom.
  4680 | D:5      | Found a shimmering blue altar of Sif Muna.
  4864 | D:5      | Found a sacrificial altar of Ru.
  5232 | D:6      | Learned a level 2 spell: Jinxbite
  5288 | D:6      | Reached **** piety under Uskayaw
  5290 | D:6      | Reached XP level 8. HP: 57/58 MP: 11/14
  5411 | D:6      | Found an iron altar of Okawaru.
  5551 | D:6      | Reached skill level 1 in Invocations
  5620 | D:6      | Found an ornate altar of the Wu Jian Council.
  6220 | D:7      | Noticed Joseph
  6382 | D:7      | Noticed Pikel
  6390 | D:7      | Killed Pikel
  6391 | D:7      | Reached skill level 5 in Spellcasting
  6391 | D:7      | Reached XP level 9. HP: 63/63 MP: 10/16
  7064 | D:8      | Found a runed translucent gate.
  7065 | D:8      | Found a runed translucent gate.
  7065 | D:8      | Found a runed translucent gate.
  7066 | D:8      | Noticed a green ugly thing
  7066 | D:8      | Noticed a purple ugly thing
  7071 | D:8      | Noticed a glowing orange brain
  7071 | D:8      | Noticed a purple ugly thing
  7116 | D:8      | Found a blossoming altar of Fedhas.
  7436 | D:8      | Reached skill level 1 in Short Blades
  7436 | D:8      | Reached skill level 5 in Invocations
  7652 | D:9      | Reached skill level 5 in Evocations
  7683 | D:9      | Found a stormy altar of Qazlal.
  7738 | D:9      | Found a flagged portal.
  7762 | Bailey   | Entered a bailey
  7787 | Bailey   | Gained mutation: You are mostly covered in yellow scales.
                  | (AC +3) [demonic ancestry]
  7787 | Bailey   | Reached XP level 10. HP: 49/70 MP: 9/18
  8117 | Bailey   | Identified the +0 plate armour "Ceidin" {rN+}
  8226 | Bailey   | Reached skill level 5 in Stealth
  8348 | Bailey   | Noticed an orc knight
  8375 | Bailey   | Killed an orc knight
  8549 | D:9      | Noticed a two-headed ogre
  8562 | D:9      | Killed a two-headed ogre
  8605 | D:9      | Found a staircase to the Orcish Mines.
  8605 | D:9      | Reached ***** piety under Uskayaw
  8616 | D:9      | Reached ****** piety under Uskayaw
  8641 | D:9      | Reached skill level 5 in Short Blades
  9262 | D:10     | Entered Level 10 of the Dungeon
  9603 | D:10     | Noticed a gargoyle
  9612 | D:10     | Killed a gargoyle
  9651 | D:10     | Noticed a death yak
  9661 | D:10     | Found a staircase to the Lair.
  9661 | D:10     | Noticed a death yak
  9679 | D:10     | Noticed a death yak
  9681 | D:10     | Killed a death yak
  9682 | D:10     | Reached XP level 11. HP: 53/75 MP: 6/19
  9703 | D:10     | Killed a death yak
  9706 | D:10     | Reached skill level 10 in Invocations
  9912 | D:10     | Found a radiant altar of Vehumet.
 10083 | D:10     | Noticed a skeletal warrior
 11228 | D:11     | Found a frozen archway.
 11309 | IceCv    | Entered an ice cave
 11465 | IceCv    | Learned a level 4 spell: Summon Ice Beast
 12199 | IceCv    | Learned a level 4 spell: Anguish
 13974 | IceCv    | Noticed a reaper
 14351 | IceCv    | Killed a reaper
 14352 | IceCv    | Gained mutation: You are completely covered in yellow
                  | scales. (AC +4, rCorr) [demonic ancestry]
 14352 | IceCv    | Reached XP level 12. HP: 83/83 MP: 3/20
 14634 | IceCv    | Found the +4 skin of Zhor {*Englaciate rC+++ SInv}
 14638 | IceCv    | Identified the +7 halberd of Eternal Vigilance {drain,
                  | *Rage Str+2 Int+5}
 15850 | D:10     | Killed a death yak
 16044 | D:10     | Reached skill level 5 in Fighting
 16356 | D:7      | Killed Joseph
 16527 | Lair:1   | Entered Level 1 of the Lair of Beasts
 16688 | Lair:1   | Noticed a boulder beetle
 16691 | Lair:1   | Noticed Grum
 16812 | Lair:1   | Killed a boulder beetle
 16845 | Lair:1   | Reached skill level 10 in Stealth
 16845 | Lair:1   | Reached skill level 10 in Ice Magic
 16866 | Lair:1   | Killed Grum
 16948 | Lair:1   | Found a runed translucent door.
 16951 | Lair:1   | Noticed Foesebre's ghost (journeyman HOMo)
 17257 | Lair:1   | Identified the +4 spear of Kindness {venom, Dex+3}
 17483 | Lair:1   | Reached XP level 13. HP: 91/91 MP: 18/23
 18367 | Lair:2   | Reached skill level 1 in Necromancy
 18434 | Lair:2   | Found a hole to the Spider Nest.
 19296 | Lair:3   | Learned a level 4 spell: Dispel Undead
 19507 | Lair:3   | Found a staircase to the Swamp.
 20051 | Lair:4   | Noticed Kirke
 20073 | Lair:4   | Killed Kirke
 20469 | Lair:4   | Reached skill level 5 in Necromancy
 20713 | Lair:4   | Noticed a fire dragon
 20729 | Lair:4   | Killed a fire dragon
 21186 | Lair:4   | Gained mutation: You are robust. (+10% HP) [demonic
                  | ancestry]
 21186 | Lair:4   | Reached XP level 14. HP: 84/107 MP: 12/26
 21297 | Lair:5   | Entered Level 5 of the Lair of Beasts
 21297 | Lair:5   | Found a staircase to the Slime Pits.
 21485 | Lair:5   | Found a viscous altar of Jiyva.
 22791 | Lair:5   | Reached skill level 10 in Spellcasting
 23663 | Lair:5   | Learned a level 7 spell: Ozocubu's Refrigeration
 24299 | Lair:5   | Reached skill level 15 in Ice Magic
 24408 | Lair:5   | Got an unusual book
 24439 | Lair:5   | Reached XP level 15. HP: 113/113 MP: 26/29
 24650 | Lair:5   | Learned a level 6 spell: Simulacrum
 24653 | Lair:5   | Learned a level 2 spell: Sublimation of Blood
 24658 | Lair:5   | Learned a level 3 spell: Swiftness
 24924 | Lair:1   | Killed Foesebre's ghost
 25204 | D:8      | Reached skill level 1 in Air Magic
 25327 | D:8      | Found a runed translucent gate.
 25327 | D:8      | Found a runed translucent gate.
 25331 | D:8      | Found a runed translucent gate.
 25335 | D:8      | Noticed wvc's ghost (novice GrFE)
 25350 | D:8      | Killed wvc's ghost
 25948 | D:12     | Noticed Sonja
 25950 | D:12     | Killed Sonja
 27005 | D:13     | Noticed Azrael
 27008 | D:13     | Killed Azrael
 27986 | D:13     | Found a broken altar of Ashenzari.
 28046 | D:13     | Found Zytaynn's Distillery.
 28049 | D:13     | Bought a potion of brilliance for 52 gold pieces
 28049 | D:13     | Bought a potion of mutation for 104 gold pieces
 28049 | D:13     | Bought a potion of enlightenment for 65 gold pieces
 28049 | D:13     | Bought a potion of haste for 130 gold pieces
 28049 | D:13     | Bought a potion of might for 52 gold pieces
 28062 | D:13     | Found a runed translucent door.
 28067 | D:13     | Noticed AncientFaroe's ghost (journeyman MiFi)
 28319 | D:13     | Found a gate to the Vaults.
 29513 | D:14     | Found a hazy altar of Hepliaklqana.
 29675 | D:14     | Found a runed translucent door.
 30198 | D:15     | Entered Level 15 of the Dungeon
 30674 | D:15     | Found a shadowy altar of Dithmenos.
 31277 | D:15     | Found a staircase to the Depths.
 31580 | Orc:1    | Entered Level 1 of the Orcish Mines
 31950 | Orc:1    | Noticed Nergalle
 31952 | Orc:1    | Killed Nergalle
 32235 | Orc:1    | Found Xusmeomp's Jewellery Shop.
 32649 | Orc:2    | Entered Level 2 of the Orcish Mines
 32953 | Orc:2    | Found a staircase to the Elven Halls.
 33705 | Orc:2    | Found Jytoina's Magic Scroll Emporium.
 33708 | Orc:2    | Found Wanazuch's General Store.
 34135 | Orc:2    | Bought a scroll of fog for 60 gold pieces
 34135 | Orc:2    | Bought 3 scrolls of teleportation for 135 gold pieces
 34135 | Orc:2    | Bought a scroll of teleportation for 45 gold pieces
 34135 | Orc:2    | Bought a scroll of identify for 30 gold pieces
 34138 | Orc:2    | Bought a potion of brilliance for 52 gold pieces
 34138 | Orc:2    | Bought a scroll of blinking for 97 gold pieces
 35023 | Orc:2    | Reached XP level 16. HP: 119/119 MP: 11/31
 36298 | Orc:2    | Found Ohuhe's Book Boutique.
 36298 | Orc:2    | Found Qidwan Gial's Antique Armour Shop.
 36299 | Orc:2    | Found a one-way gate leading to the halls of Pandemonium.
 36305 | Orc:2    | Bought a glowing robe for 125 gold pieces
 36306 | Orc:2    | Bought a dazzling ring mail for 306 gold pieces
 36306 | Orc:2    | Identified the +0 ring mail of Xeriysch {rPois rCorr Int+2
                  | Dex-3} (You bought it in a shop on level 2 of the Orcish
                  | Mines)
 36307 | Orc:2    | Bought a crude scale mail for 306 gold pieces
 36307 | Orc:2    | Identified the +4 scale mail "Acvo" {Regen+ rCorr Str+2}
                  | (You bought it in a shop on level 2 of the Orcish Mines)
 36610 | Spider:1 | Entered Level 1 of the Spider Nest
 37052 | Spider:1 | Noticed Josephine
 37189 | Spider:1 | Killed Josephine
 38299 | Spider:1 | Noticed Rupert
 38308 | Spider:1 | Killed Rupert
 39314 | Spider:2 | Noticed Mlioglotl
 39331 | Spider:2 | Killed Mlioglotl
 40103 | Spider:2 | Noticed Arachne
 40113 | Spider:2 | Killed Arachne
 42011 | Spider:3 | Reached XP level 17. HP: 134/134 MP: 20/33
 42163 | Spider:3 | Noticed Jorgrun
 42171 | Spider:3 | Killed Jorgrun
 42199 | Spider:3 | Noticed Bai Suzhen
 42503 | Spider:3 | Killed Bai Suzhen
 43232 | Spider:4 | Entered Level 4 of the Spider Nest
 43447 | Spider:4 | Reached skill level 15 in Invocations
 47702 | Spider:4 | Got a gossamer rune of Zot
 48385 | Orc:1    | Bought the ring of Fuegabi {Wiz rN+ Slay+3} for 968 gold
                  | pieces
 48523 | Swamp:1  | Entered Level 1 of the Swamp
 49117 | Swamp:1  | Gained mutation: You sometimes emit foul miasma when
                  | damaged in melee. [demonic ancestry]
 49117 | Swamp:1  | Reached XP level 18. HP: 147/147 MP: 27/35
 49240 | Swamp:1  | Identified the +7 short sword "Viumubuq" {protect, Fly rF+
                  | rN++ Str+2}
 49415 | Swamp:1  | Noticed Louise
 49621 | Swamp:1  | Reached skill level 10 in Evocations
 50213 | Swamp:1  | Reached skill level 10 in Fighting
 50228 | Swamp:1  | Killed Louise
 51644 | Swamp:2  | Learned a level 6 spell: Plasma Beam
 51761 | Swamp:3  | Reached skill level 1 in Fire Magic
 53243 | Swamp:4  | Entered Level 4 of the Swamp
 54910 | Swamp:4  | Reached skill level 5 in Fire Magic
 55082 | Swamp:4  | Noticed the 27-headed Lernaean hydra
 55256 | Swamp:4  | Reached skill level 5 in Air Magic
 55258 | Swamp:4  | Killed the 27-headed Lernaean hydra
 55725 | Swamp:4  | Got a decaying rune of Zot
 56018 | Elf:1    | Entered Level 1 of the Elven Halls
 56518 | Elf:1    | Got a ragged book
 57056 | Elf:1    | Found Hugasta's Jewellery Boutique.
 57105 | Elf:1    | Gained mutation: You have a pair of antennae on your head.
                  | [demonic ancestry]
 57105 | Elf:1    | Reached XP level 19. HP: 154/154 MP: 5/37
 57173 | Elf:1    | Reached skill level 15 in Spellcasting
 59283 | Elf:2    | Found a runed translucent gate.
 59283 | Elf:2    | Found a runed translucent gate.
 59318 | Elf:2    | Found a runed translucent gate.
 60605 | Elf:3    | Entered Level 3 of the Elven Halls
 60606 | Elf:3    | Paralysed by an air elemental for 1 turns
 60955 | Elf:3    | Noticed Donald
 61016 | Elf:3    | Killed Donald
 61146 | Elf:3    | Noticed Mara
 61318 | Elf:3    | Killed Mara
 61579 | Elf:3    | Identified the ring of Evokon {rElec rF+++ rCorr Str-3
                  | Int+6}
 61745 | Elf:1    | Bought the ring "Barph" {rF+ rC+ Will+ Str-3 Int+8} for 881
                  | gold pieces
 62544 | Elf:3    | Identified the ring of Taal {Ice Drain rElec rCorr Slay+3}
 63318 | Elf:3    | Identified the ring of the Solstice {rPois Will++ Str+4
                  | SInv}
 63378 | Elf:3    | Identified the staff of Destiny {rN+ Will++ rCorr Necro}
 63787 | Elf:3    | Reached skill level 10 in Fire Magic
 64018 | Elf:3    | Identified the +6 short sword of Riro {distort, rC- rN+++
                  | SInv}
 64018 | Elf:3    | Identified the ring "Linaon" {Fire Int+3}
 64889 | Elf:3    | Identified the staff of the Fifty Interlopers {+Blink Str+6
                  | Earth}
 65508 | Elf:3    | Identified the staff "Vaemom" {rElec rN+ Will- Int+8 Dex-2
                  | Necro}
 65607 | Elf:3    | Got a grimy book
 65627 | Elf:3    | Identified the +1 sling "Rorphin" {drain, rC+ Dex+6}
 65648 | Elf:3    | Got a strange book
 67143 | D:11     | Gained mutation: You have a pair of large antennae on your
                  | head. (SInv) [demonic ancestry]
 67143 | D:11     | Reached XP level 20. HP: 161/161 MP: 9/39
 67438 | D:13     | Killed AncientFaroe's ghost
 68518 | Lair:5   | Learned a level 5 spell: Borgnjor's Vile Clutch
 68883 | Vaults:1 | Entered Level 1 of the Vaults
 69124 | Vaults:1 | Reached skill level 1 in Earth Magic
 70313 | Vaults:1 | Found a portal to a secret trove of treasure.
 71561 | Vaults:2 | Identified the +5 plate armour "Cafow" {rF+ rC+ Str+3
                  | Int-3}
 71572 | Vaults:2 | Found Foyt's Distillery.
 71577 | Vaults:2 | Bought a potion of brilliance for 68 gold pieces
 71577 | Vaults:2 | Bought a potion of curing for 51 gold pieces
 71577 | Vaults:2 | Bought a potion of heal wounds for 85 gold pieces
 71577 | Vaults:2 | Bought a potion of brilliance for 68 gold pieces
 71577 | Vaults:2 | Bought a potion of haste for 170 gold pieces
 71744 | Vaults:2 | Found Hineubuf's General Store.
 71760 | Vaults:2 | Found Engoat's Distillery.
 71927 | Vaults:2 | Bought a potion of heal wounds for 80 gold pieces
 71927 | Vaults:2 | Bought a potion of curing for 48 gold pieces
 71927 | Vaults:2 | Bought a scroll of blinking for 120 gold pieces
 71927 | Vaults:2 | Bought a scroll of amnesia for 64 gold pieces
 71933 | Vaults:2 | Bought a potion of cancellation for 88 gold pieces
 71933 | Vaults:2 | Bought a potion of brilliance for 44 gold pieces
 74415 | Vaults:3 | Reached skill level 5 in Earth Magic
 74972 | Vaults:3 | Found a staircase to the Crypt.
 74994 | Vaults:3 | Gained mutation: You are very robust. (+20% HP) [demonic
                  | ancestry]
 74994 | Vaults:3 | Reached XP level 21. HP: 161/183 MP: 11/41
 75013 | Vaults:3 | Learned a level 9 spell: Polar Vortex
 79055 | Abyss:2  | Found a corrupted altar of Lugonu.
 79055 | Abyss:2  | Cast into level 2 of the Abyss (a wizard)
 79537 | Vaults:4 | Escaped the Abyss
 80926 | Vaults:5 | Entered Level 5 of the Vaults
 80931 | Vaults:5 | Reached XP level 22. HP: 161/190 MP: 34/44
 81685 | D:14     | Identified the +7 mace "Awkulu Qich" {heavy, Str+3 Int+7}
 81871 | D:14     | Identified the ring of Monotheism {rPois Str+2 Int+6 SInv}
 81931 | D:14     | Found a hazy altar of Hepliaklqana.
 82355 | D:14     | Learned a level 5 spell: Irradiate
 82429 | Depths:1 | Entered Level 1 of the Depths
 82808 | Depths:1 | Found a gateway to Hell.
 82872 | Depths:1 | Reached skill level 1 in Conjurations
 83189 | Depths:1 | Reached skill level 1 in Transmutations
 83448 | Depths:1 | Learned a level 2 spell: Blink
 83450 | Depths:1 | Got a worn book
 83553 | Depths:1 | Found Icrepec's Tiny Tomes.
 83823 | Depths:2 | Found a burning altar of Makhleb.
 84311 | Depths:2 | Found a one-way gateway to a ziggurat.
 86698 | Elf:1    | Bought the ring "Biboa" {rElec rPois rN+ Int+4} for 745
                  | gold pieces
 87098 | Depths:3 | Reached skill level 1 in Shields
 87643 | Depths:3 | Found a corrupted altar of Lugonu.
 87654 | Depths:3 | Found a one-way gate to the infinite horrors of the Abyss.
 87861 | Depths:3 | Found Awuta's Jewellery Emporium.
 87868 | Depths:3 | Found Fiynen's Antique Armour Boutique.
 88622 | Depths:3 | Noticed Mennas
 88893 | Depths:3 | Killed Mennas
 88894 | Depths:3 | Reached skill level 5 in Conjurations
 90266 | Depths:4 | Entered Level 4 of the Depths
 90270 | Depths:4 | Reached skill level 5 in Transmutations
 90271 | Depths:4 | Gained mutation: A meltable icy envelope protects you from
                  | harm. (AC +8) [demonic ancestry]
 90271 | Depths:4 | Reached XP level 23. HP: 176/198 MP: 36/45
 90954 | Depths:4 | Found a gate to the Realm of Zot.
 91419 | Depths:4 | Identified a scroll of acquirement
 91428 | Depths:4 | Acquired 923 gold pieces
 91979 | Depths:3 | Bought the amulet of the Four Winds {rN+ Will+++ Clar} for
                  | 910 gold pieces
 91979 | Depths:3 | Found the amulet of the Four Winds {rN+ Will+++ Clar}
 92288 | Slime:1  | Entered Level 1 of the Pits of Slime
 92492 | Slime:4  | Noticed Dissolution
 92495 | Slime:4  | Killed Dissolution
 92496 | Slime:4  | Reached skill level 5 in Shields
 92657 | Slime:5  | Entered Level 5 of the Pits of Slime
 92986 | Slime:5  | Gained mutation: You occasionally shout uncontrollably at
                  | your foes. [a shining eye]
 93292 | Slime:5  | Gained mutation: Your magical capacity is low. (-10% MP) [a
                  | shining eye]
 93370 | Slime:5  | Noticed the Royal Jelly
 93726 | Slime:5  | Killed the Royal Jelly
 94076 | Slime:5  | Identified the +8 bardiche "Penigot" {freeze, Fragile rN++
                  | Int+3 SInv}
 94109 | Slime:5  | Identified the +8 arbalest "Xiwnonn" {heavy, rC+ Dex-3
                  | SInv}
 94112 | Slime:5  | Got a slimy rune of Zot
 94115 | Slime:5  | Identified the +0 chain mail "Huebeusy" {rCorr}
 94286 | Lair:5   | Lost mutation: Your magical capacity is low. (-10% MP)
                  | [potion of mutation]
 94286 | Lair:5   | Lost mutation: You occasionally shout uncontrollably at
                  | your foes. [potion of mutation]
 94286 | Lair:5   | Gained mutation: You are weak. (Str -2) [potion of
                  | mutation]
 94286 | Lair:5   | Gained mutation: You expend magic power (3 MP) to
                  | strengthen your wands. [potion of mutation]
 94606 | Vaults:2 | Bought a potion of mutation for 88 gold pieces
 94606 | Vaults:2 | Bought 2 potions of heal wounds for 110 gold pieces
 94918 | Orc:2    | Bought Kuerr's Grimoire of the Pill Bug for 624 gold pieces
 94927 | Orc:2    | Learned a level 8 spell: Ignition
 95229 | Zot:1    | Entered Level 1 of the Realm of Zot
 95524 | Zot:1    | Gained mutation: A meltable icy envelope protects you from
                  | harm. (AC +8) [demonic ancestry]
 95524 | Zot:1    | Reached XP level 24. HP: 193/206 MP: 17/46
 96931 | Zot:1    | Acquired 737 gold pieces
 96932 | Zot:1    | Acquired 427 gold pieces
 97050 | Depths:3 | Bought a pair of glowing gloves for 262 gold pieces
 97318 | Vaults:2 | Bought a potion of mutation for 136 gold pieces
 97374 | Vaults:2 | Bought a phantom mirror for 640 gold pieces
 97427 | Crypt:1  | Entered Level 1 of the Crypt
 97444 | Crypt:1  | Noticed Xtahua
 97490 | Crypt:1  | Killed Xtahua
 97778 | Crypt:1  | Found a huge runed translucent gate.
 97778 | Crypt:1  | Found a huge runed translucent gate.
 97778 | Crypt:1  | Found a huge runed translucent gate.
 97778 | Crypt:1  | Found a huge runed translucent gate.
 97780 | Crypt:1  | Found a huge runed translucent gate.
 97780 | Crypt:1  | Found a huge runed translucent gate.
 97780 | Crypt:1  | Found a huge runed translucent gate.
 97781 | Crypt:1  | Found a huge runed translucent gate.
 97781 | Crypt:1  | Found a huge runed translucent gate.
 98474 | Crypt:1  | Found a runed translucent door.
 98475 | Crypt:1  | Noticed Gathuos's ghost (adept OpEE)
 98561 | Crypt:1  | You fall into a shaft and drop 1 floor!
 98911 | Crypt:1  | Identified the +10 short sword "Orb Guardian's Foe" {elec,
                  | rF+ Stlth+}
 98972 | Crypt:1  | Killed Gathuos's ghost
 99028 | Crypt:1  | Identified the +0 buckler "Arulaek" {Harm rElec Regen+}
 99875 | Crypt:2  | Got a droning book
100607 | Crypt:3  | Entered Level 3 of the Crypt
100975 | Crypt:3  | Identified the +1 orcbow of Turmoil {freeze, rPois rF+
                  | Dex-4}
101064 | Crypt:3  | Reached skill level 15 in Fire Magic
101192 | Crypt:3  | Found a staircase to the Tomb.
101311 | Crypt:3  | Reached XP level 25. HP: 186/212 MP: 40/47
101490 | Crypt:3  | Found a basalt altar of Yredelemnul.
102017 | Crypt:3  | Got a clothbound book
102049 | Crypt:3  | Noticed Khufu
102049 | Crypt:3  | Noticed a royal mummy
102057 | Crypt:3  | Killed a royal mummy
102058 | Crypt:3  | Killed Khufu
102275 | Crypt:3  | Found the +5 moon troll leather armour {Spirit, Regen++
                  | MP+5}
102312 | Crypt:3  | Identified the -1 cloak of Hedge Wizardry {+Blink SInv}
102316 | Crypt:3  | Got a well-preserved book
102321 | Crypt:3  | Identified the +1 spear "Demonspawn's Curse" {flame, rN+
                  | Will+ rCorr Dex+7}
102322 | Crypt:3  | Identified the ring "Tynkom" {rN+ Dex+3}
102322 | Crypt:3  | Identified the ring "Zotakka" {rElec rN+}
102322 | Crypt:3  | Identified the ring of the Madman {rF- rN+ rCorr Int+5
                  | SInv}
102672 | Crypt:3  | Found a shimmering blue altar of Sif Muna.
102673 | Crypt:3  | Identified the amulet "Feluloda" {RegenMP Drain rN+ Stlth+}
102674 | Crypt:3  | Identified the +8 mace of Temneenka {spect, rElec rN+}
102816 | Crypt:3  | Got a parchment book
103986 | Vaults:5 | Identified the +8 shadow dragon scales of Spite {Int+6 SInv
                  | Stlth++++}
104722 | Vaults:5 | Reached skill level 10 in Necromancy
106182 | Vaults:5 | Identified the +0 scale mail "Yckelim" {-Cast rPois Str+3
                  | Dex+4}
106183 | Vaults:5 | Identified the +1 eveningstar of Zuwuerr {antimagic, rN+
                  | Str+2 Int+3}
106184 | Vaults:5 | Identified the +2 pair of gloves of the Yeti {*Slow rPois
                  | rC- Int+6}
106186 | Vaults:5 | Identified the staff of Eternal War {Dex+2 Earth}
106504 | Vaults:5 | Found the -2 hat of the Alchemist {rElec rPois rF+ rC+ rN+
                  | Will+ rMut rCorr}
106518 | Vaults:5 | Got a silver rune of Zot
108673 | Vaults:2 | Bought a potion of lignification for 51 gold pieces
108955 | Orc:2    | Bought a scroll of vulnerability for 60 gold pieces
109464 | Zot:1    | Gained mutation: You frequently emit foul miasma when
                  | damaged in melee. [demonic ancestry]
109464 | Zot:1    | Reached XP level 26. HP: 209/220 MP: 33/48
109821 | Zot:1    | Found a corrupted altar of Lugonu.
110954 | Zot:2    | Found a transporter.
111222 | Zot:2    | Noticed an orb of fire
111229 | Zot:2    | Noticed Emorepp's ghost (legendary GnSk)
111238 | Zot:2    | Found a transporter.
112654 | Zot:3    | Identified the orb "Leeseva" {*channel, Fly rN+ Str-2}
112665 | Zot:3    | Learned a level 8 spell: Borgnjor's Revivification
114240 | Zot:4    | Gained mutation: Your mind is acute. (Int +4, Str/Dex -1)
                  | [mutagenic glow]
114670 | Zot:4    | Reached skill level 15 in Necromancy
116048 | Zot:4    | Found a runed translucent door.
116049 | Zot:4    | Found a shimmering altar of Xom.
116049 | Zot:4    | Noticed Toelubet's ghost (veteran CeHu)
116050 | Zot:4    | Identified the +1 battleaxe "Myxaedehoq" {chaos, Dex+3
                  | SInv}
116464 | Zot:5    | Entered Level 5 of the Realm of Zot
117001 | Zot:5    | Gained mutation: You are extremely robust. (+30% HP)
                  | [demonic ancestry]
117001 | Zot:5    | Reached XP level 27. HP: 220/247 MP: 41/49
117287 | Zig:1    | Entered Level 1 of a ziggurat
117352 | Zig:2    | Entered Level 2 of a ziggurat
117355 | Zig:2    | Noticed Nices the pandemonium lord
117356 | Zig:2    | Found the necklace of Bloodlust {Fury *Rage Will++ Int-3
                  | Slay+6}
117359 | Zig:2    | Killed Nices the pandemonium lord
117463 | Zig:3    | Entered Level 3 of a ziggurat
117574 | Zig:4    | Entered Level 4 of a ziggurat
117687 | Zig:5    | Entered Level 5 of a ziggurat
117728 | Zig:5    | Identified the +1 war axe of Uskayaw's Approval {elec,
                  | rElec rC- Dex+2}
117738 | Zig:6    | Entered Level 6 of a ziggurat
117742 | Zig:6    | Noticed Navoawek the pandemonium lord
117747 | Zig:6    | Killed Navoawek the pandemonium lord
117901 | Zig:7    | Entered Level 7 of a ziggurat
117908 | Zig:7    | Noticed an ancient lich
117916 | Zig:7    | Killed an ancient lich
118048 | Zig:7    | Identified the +4 chain mail of Noughts and Crosses {Str+3
                  | Int-2 Stlth+}
118057 | Zig:7    | Identified the ring of Vetwealyt {Fly rF+ Will+ Str+7 Dex+6
                  | Stlth-}
118065 | Zig:8    | Entered Level 8 of a ziggurat
118072 | Zig:8    | Noticed an ancient lich
118076 | Zig:8    | Killed an ancient lich
118248 | Zig:9    | Entered Level 9 of a ziggurat
118367 | Zig:9    | Identified the +7 halberd "Earthworm" {freeze, rC+}
118372 | Zig:10   | Entered Level 10 of a ziggurat
118467 | Zig:10   | Learned a level 9 spell: Death's Door
118470 | Zig:11   | Entered Level 11 of a ziggurat
118542 | Zig:11   | Identified the +3 hand axe "Monez" {antimagic, rN+}
118555 | Zig:11   | Identified the +6 scale mail of the Arcane {Str+2}
118560 | Zig:12   | Entered Level 12 of a ziggurat
118680 | Zig:12   | Identified the +9 great mace of Watchfulness {venom, rPois
                  | rF+ Str+2}
118689 | Zig:12   | Identified the +1 scale mail "Juwa" {Rampage rC+}
118695 | Zig:12   | Identified the +7 dagger of the Harvest {spect, Str+3}
118698 | Zig:13   | Entered Level 13 of a ziggurat
118832 | Zig:13   | Identified the ring "Yffiakla" {Will- MP+9 Int+4}
118885 | Zig:14   | Entered Level 14 of a ziggurat
119059 | Zig:14   | Identified the +8 hand axe "Demonspawn's Regret" {freeze,
                  | rCorr Int+2 Dex-3 SInv}
119070 | Zig:15   | Entered Level 15 of a ziggurat
119251 | Zig:15   | Identified the ring of Checkmate {rF+ rN+ rCorr Int-2
                  | Slay+4}
119255 | Zig:15   | Identified the +10 orcbow "Micuaw" {freeze, rN+}
119263 | Zig:15   | Identified the +5 hand axe "Papp" {flame, Will++ Dex+3}
119269 | Zig:15   | Got a glossy book
119282 | Zig:15   | Lost mutation: Your mind is acute. (Int +4, Str/Dex -1)
                  | [potion of mutation]
119282 | Zig:15   | Lost mutation: You expend magic power (3 MP) to strengthen
                  | your wands. [potion of mutation]
119282 | Zig:15   | Lost mutation: You are weak. (Str -2) [potion of mutation]
119282 | Zig:15   | Gained mutation: You are resistant to electric shocks.
                  | (rElec) [potion of mutation]
119282 | Zig:15   | Gained mutation: Your system is resistant to poisons.
                  | (rPois) [potion of mutation]
119282 | Zig:15   | Gained mutation: You expend magic power (3 MP) to
                  | strengthen your wands. [potion of mutation]
119284 | Zig:16   | Entered Level 16 of a ziggurat
119467 | Zig:16   | Identified the +1 flail of Wu Jian's Whim {vamp, rElec
                  | Str-5 SInv}
119472 | Zig:16   | Identified the +1 chain mail of Perfidy {rElec Slay+3
                  | Stlth+}
119483 | Zig:16   | Identified the +1 orcbow of the Goat {flame, rElec}
119488 | Zig:17   | Entered Level 17 of a ziggurat
119670 | Zig:17   | Got an upside-down book
119679 | Zig:17   | Identified the +2 orcbow of Iwnos {heavy, Fly rElec rN+
                  | Will+}
119681 | Zig:17   | Identified the +6 ring mail of the Tormentor {Fly rF+ rN+}
119684 | Zig:17   | Identified the +6 arbalest "Beetlebane" {penet, Fragile
                  | rC+++ Dex+6}
119704 | Zig:18   | Entered Level 18 of a ziggurat
119818 | Zig:18   | Identified the +2 ring mail of Ru, Twisting {*Corrode
                  | +Blink rN+ Dex+2}
119825 | Zig:18   | Identified the +4 glaive of Laaheit {antimagic, rElec rPois
                  | Will+ Int-2 Dex+6}
119861 | Zig:19   | Entered Level 19 of a ziggurat
120050 | Zig:19   | Found the +11 plutonium sword {Contam Stlth-}
120054 | Zig:19   | Found the +27 heavy crossbow "Sniper" {heavy, Acc+∞ SInv}
120056 | Zig:19   | Identified the +1 great sword of Descent {holy, rN+ Int+2}
120059 | Zig:19   | Identified the +0 buckler of Inference {rF++ Will- MP+9
                  | Int+3}
120098 | Zig:19   | Identified the +4 scale mail of Ashenzari's Regard {Dex+2}
120099 | Zig:19   | Identified the +6 great mace of the Soft God {heavy, rF+}
120117 | Zig:19   | Identified the +7 battleaxe of Ihiesar {speed, Str+3
                  | Stlth+}
120139 | Zig:20   | Entered Level 20 of a ziggurat
120250 | Zig:20   | Reached skill level 5 in Dodging
120256 | Zig:20   | Identified the +6 scale mail of Xirecen {-Tele rC++ rN++}
120303 | Zig:21   | Entered Level 21 of a ziggurat
120471 | Zig:21   | Found the +8 orange crystal plate armour {Archmagi, Int+3
                  | Clar}
120496 | Zig:21   | Identified the +4 long sword of Insufficient Pleasure
                  | {freeze, Dex+3 SInv}
120506 | Zig:21   | Identified the amulet of Arrival {Acrobat Int+3}
120561 | Zig:22   | Entered Level 22 of a ziggurat
120570 | Zig:22   | Noticed an ancient lich
120575 | Zig:22   | Killed an ancient lich
120621 | Zig:22   | Gained mutation: You are weak. (Str -2) [mutagenic glow]
121061 | Zig:22   | Identified the +0 orcbow of Jiucy {flame, Int+7 Dex-3}
121064 | Zig:22   | Identified the +1 chain mail "Teuwieshre" {rC++ Str-4 SInv
                  | Stlth+}
121065 | Zig:22   | Identified the +1 pair of boots "Hogh" {rC+ rN+}
121081 | Zig:22   | Identified the +9 arbalest of Dullness {heavy, rElec MP+9
                  | Str-4 SInv}
121087 | Zig:22   | Identified the +8 orcbow of Greed {elec, rElec rCorr Str-3
                  | Int+7}
121090 | Zig:22   | Identified the +8 orcbow "Nablo" {speed, Int+4}
121093 | Zig:22   | Got a sparkling book
121126 | Zig:23   | Entered Level 23 of a ziggurat
121134 | Zig:23   | Gained mutation: Your body sometimes deteriorates upon
                  | taking damage. [a neqoxec]
121259 | Zig:23   | Identified the amulet of Salvation {rElec rN+ Regen+ Int+3}
121271 | Zig:23   | Identified the ring of Beiweezo {AC+4 Str+5}
121276 | Zig:23   | Identified the +7 great mace of the Warrior-Mage {flame,
                  | Int+4 SInv}
121285 | Zig:23   | Identified the +6 scimitar of Ashenzari's Approval {drain,
                  | rF+ rN+}
121325 | Zig:24   | Entered Level 24 of a ziggurat
121333 | Zig:24   | Noticed Jaoporr the pandemonium lord
121334 | Zig:24   | Noticed Anapyff the pandemonium lord
121336 | Zig:24   | Noticed Mesynnil the pandemonium lord
121336 | Zig:24   | Noticed Onuy the pandemonium lord
121338 | Zig:24   | Noticed Majerghusm the pandemonium lord
121338 | Zig:24   | Noticed Riteri the pandemonium lord
121338 | Zig:24   | Noticed Itaem the pandemonium lord
121338 | Zig:24   | Noticed Xuikiloh the pandemonium lord
121338 | Zig:24   | Noticed Qusu the pandemonium lord
121338 | Zig:24   | Noticed Fumagimp the pandemonium lord
121338 | Zig:24   | Noticed Buodos the pandemonium lord
121339 | Zig:24   | Noticed Owkuom the pandemonium lord
121341 | Zig:24   | Killed Mesynnil the pandemonium lord
121341 | Zig:24   | Killed Xuikiloh the pandemonium lord
121341 | Zig:24   | Killed Riteri the pandemonium lord
121341 | Zig:24   | Killed Jaoporr the pandemonium lord
121341 | Zig:24   | Noticed Irharr the pandemonium lord
121342 | Zig:24   | Killed Majerghusm the pandemonium lord
121342 | Zig:24   | Killed Owkuom the pandemonium lord
121342 | Zig:24   | Killed Qusu the pandemonium lord
121342 | Zig:24   | Killed Onuy the pandemonium lord
121342 | Zig:24   | Killed Itaem the pandemonium lord
121342 | Zig:24   | Noticed Istef the pandemonium lord
121343 | Zig:24   | Reached skill level 15 in Stealth
121343 | Zig:24   | Killed Irharr the pandemonium lord
121343 | Zig:24   | Killed Fumagimp the pandemonium lord
121343 | Zig:24   | Killed Buodos the pandemonium lord
121343 | Zig:24   | Noticed Igatib the pandemonium lord
121344 | Zig:24   | Killed Istef the pandemonium lord
121345 | Zig:24   | Killed Igatib the pandemonium lord
121345 | Zig:24   | Noticed Yber the pandemonium lord
121346 | Zig:24   | Killed Anapyff the pandemonium lord
121347 | Zig:24   | Noticed Yliumain the pandemonium lord
121348 | Zig:24   | Killed Yber the pandemonium lord
121349 | Zig:24   | Killed Yliumain the pandemonium lord
121778 | Zig:24   | Found the ring of the Hare {EV+10}
121787 | Zig:24   | Identified the ring "Penwug" {rElec rPois Str+5 Int-4
                  | Dex+6}
121789 | Zig:24   | Identified the staff "Pucuyx" {rElec rF+++ rN+ Will+ Int-4
                  | Necro}
121792 | Zig:24   | Identified the +4 sling of Egyroc {speed, rN+ Int+2 Dex-4}
121845 | Zig:24   | Lost mutation: Your body sometimes deteriorates upon taking
                  | damage. [potion of mutation]
121845 | Zig:24   | Lost mutation: You are resistant to electric shocks.
                  | (rElec) [potion of mutation]
121845 | Zig:24   | Gained mutation: You are dopey. (Int -2) [potion of
                  | mutation]
121845 | Zig:24   | Gained mutation: You occasionally shout uncontrollably at
                  | your foes. [potion of mutation]
121845 | Zig:24   | Gained mutation: You are resistant to electric shocks.
                  | (rElec) [potion of mutation]
121846 | Zig:24   | Lost mutation: You are resistant to electric shocks.
                  | (rElec) [potion of mutation]
121846 | Zig:24   | Lost mutation: You are dopey. (Int -2) [potion of mutation]
121846 | Zig:24   | Lost mutation: Your system is resistant to poisons. (rPois)
                  | [potion of mutation]
121847 | Zig:24   | Lost mutation: You are weak. (Str -2) [potion of mutation]
121847 | Zig:24   | Lost mutation: You expend magic power (3 MP) to strengthen
                  | your wands. [potion of mutation]
121847 | Zig:24   | Lost mutation: You occasionally shout uncontrollably at
                  | your foes. [potion of mutation]
121847 | Zig:24   | Gained mutation: You have sharp toenails. [potion of
                  | mutation]
121849 | Zig:25   | Entered Level 25 of a ziggurat
122306 | Zig:25   | Identified the staff "Bookh" {Fragile rElec rC+ SInv Earth}
122310 | Zig:25   | Identified the +9 glaive of the Onslaught {heavy, Fragile
                  | MP+9 Dex+7}
122334 | Zig:25   | Identified the +5 short sword "Lorem Ipsum" {pain, rC+
                  | Str+2 Int-4}
122368 | Zig:26   | Entered Level 26 of a ziggurat
122383 | Zig:26   | Noticed an ancient lich
122387 | Zig:26   | Noticed a dread lich
122388 | Zig:26   | Noticed a dread lich
122388 | Zig:26   | Killed an ancient lich
122388 | Zig:26   | Noticed a dread lich
122388 | Zig:26   | Noticed a dread lich
122389 | Zig:26   | Killed a dread lich
122389 | Zig:26   | Killed a dread lich
122389 | Zig:26   | Killed a dread lich
122389 | Zig:26   | Killed a dread lich
122390 | Zig:26   | Reached skill level 10 in Shields
122390 | Zig:26   | Noticed a dread lich
122390 | Zig:26   | Noticed a dread lich
122391 | Zig:26   | Noticed a dread lich
122393 | Zig:26   | Killed a dread lich
122393 | Zig:26   | Killed a dread lich
122395 | Zig:26   | Killed a dread lich
122522 | Zig:26   | Found the +12 glaive of Prune {freeze, Prune}
122522 | Zig:26   | Found the amulet of Vitality {RegenMP++ Regen++}
122530 | Zig:26   | Identified the +0 mace "Itoisuxa" {freeze, Dex+2 Stlth+}
122540 | Zig:26   | Identified the +11 mace of the Endless Friends {holy, rC++
                  | Dex+4 Stlth+}
122542 | Zig:26   | Reached skill level 10 in Dodging
122549 | Zig:26   | Identified the +0 robe of the Apothecary {Will+}
122560 | Zig:26   | Identified the amulet of Xinee {Acrobat rF+ MP+9}
122621 | Zig:27   | Entered Level 27 of a ziggurat
122651 | Zig:27   | Reached skill level 27 in Spellcasting
123080 | Zig:27   | Found the +8 longbow "Zephyr" {speed, Dex+3 SInv}
123083 | Zig:27   | Found the ring of the Mage {Wiz Archmagi}
123107 | Zig:27   | Identified the ring "Umopla" {Will+ MP+9 Str+4}
123121 | Zig:27   | Identified the ring "Ohaodghie" {rC+ rN+ Dex+4}
123560 | Vaults:1 | You paid a toll of +3 storm dragon scales to enter a
                  | treasure trove
123561 | Trove    | Identified Sif Muna's Volume of Spectres (Sif Muna gifted
                  | it to you in a treasure trove)
123561 | Trove    | Identified Sif Muna's Catalogue of the Grave (Sif Muna
                  | gifted it to you in a treasure trove)
123561 | Trove    | Identified Sif Muna's Precepts of the Niveous Brume (Sif
                  | Muna gifted it to you in a treasure trove)
123561 | Trove    | Entered a treasure trove
123573 | Trove    | Acquired the scarf of Uskayaw's Wrath {+Inv, Str+4 Int+4}
123634 | Trove    | Got an illuminated book
123652 | Trove    | Learned a level 8 spell: Maxwell's Capacitive Coupling
123745 | Vaults:2 | Bought a potion of attraction for 33 gold pieces
123801 | Vaults:2 | Bought a potion of attraction for 51 gold pieces
124094 | Hell     | Entered the Vestibule of Hell
124094 | Hell     | Noticed Geryon
124107 | Hell     | Killed Geryon
124108 | Hell     | Reached skill level 10 in Air Magic
124553 | Hell     | Found a gateway to the ashen valley of Gehenna.
124663 | Hell     | Found a gateway to the decaying netherworld of Tartarus.
124724 | Hell     | Found a gateway to the freezing wastes of Cocytus.
125125 | Hell     | Found a gateway to the Iron City of Dis.
125234 | Geh:1    | Entered Level 1 of Gehenna
125250 | Geh:1    | Reached skill level 15 in Fighting
126010 | Geh:3    | Noticed an ancient lich
126015 | Geh:3    | Killed an ancient lich
126316 | Geh:4    | Reached skill level 15 in Evocations
126533 | Geh:7    | Entered Level 7 of Gehenna
127493 | Geh:7    | Identified the staff "Wuphy" {rElec rF+ Str+2 Fire Poison}
127494 | Geh:7    | Identified the +3 arbalest "Ogeggar" {flame, rC+++}
127528 | Geh:7    | Found the +13 sceptre of Asmodeus
127528 | Geh:7    | Noticed Asmodeus
127608 | Geh:7    | Killed Asmodeus
127609 | Geh:7    | Reached skill level 27 in Invocations
127823 | Geh:7    | Identified the +0 crystal plate armour of Joniffuf {*Slow
                  | +Blink rPois Dex+8}
127831 | Geh:7    | Identified the +5 flail of the Shifting Seer {holy, rCorr
                  | Dex+2}
127850 | Geh:7    | Got an obsidian rune of Zot
129096 | Zot:2    | Killed an orb of fire
129099 | Zot:2    | Killed Emorepp's ghost
129640 | Pan      | Entered the realm of Mnoleg.
129640 | Pan      | Entered Pandemonium
129957 | Pan      | Noticed Mnoleg
129961 | Pan      | Killed Mnoleg
129973 | Pan      | Got a glowing rune of Zot
131490 | Pan      | Noticed Afoutedgh the pandemonium lord
131502 | Pan      | Killed Afoutedgh the pandemonium lord
131672 | Pan      | Noticed Ignacio
131676 | Pan      | Killed Ignacio
131688 | Pan      | Entered the realm of Gloorx Vloq.
132053 | Pan      | Noticed Gloorx Vloq
132070 | Pan      | Killed Gloorx Vloq
132086 | Pan      | Got a dark rune of Zot
132132 | Pan      | Noticed Woleliesi the pandemonium lord
132138 | Pan      | Killed Woleliesi the pandemonium lord
132158 | Pan      | Found an exit through the horrors of the Abyss.
132525 | Pan      | Noticed Xahiu the pandemonium lord
132535 | Pan      | Killed Xahiu the pandemonium lord
132859 | Pan      | Entered the realm of Lom Lobon.
133370 | Pan      | Noticed Lom Lobon
133396 | Pan      | Killed Lom Lobon
133487 | Pan      | Got a magical rune of Zot
133804 | Pan      | Entered the realm of Cerebov.
134168 | Pan      | Identified the +13 plate armour of Pantheism {rElec rF-
                  | Will+ Str+8}
134521 | Pan      | Found the +6 sword of Cerebov {flame}
134521 | Pan      | Noticed Cerebov
134525 | Pan      | Killed Cerebov
134627 | Pan      | Got a moldy book
134630 | Pan      | Identified the +0 hat "Zoaminos" {rF+}
134631 | Pan      | Identified the +1 great mace "Hojuq" {protect, Str+3}
134667 | Pan      | Got a fiery rune of Zot
134878 | Pan      | Identified the +1 halberd of the Beloved God {drain, Str+2
                  | Stlth+}
134883 | Pan      | Identified the +1 robe of Intuition {rF+ rN+}
134972 | Pan      | Found an exit through the horrors of the Abyss.
135168 | Pan      | Found an exit through the horrors of the Abyss.
135240 | Pan      | Noticed Ygyk the pandemonium lord
135241 | Pan      | Killed Ygyk the pandemonium lord
135688 | Pan      | Found an exit through the horrors of the Abyss.
136033 | Pan      | Found an exit through the horrors of the Abyss.
136052 | Depths:3 | Escaped Pandemonium
136189 | Pan      | Entered Pandemonium
136274 | Pan      | Reached skill level 10 in Earth Magic
136400 | Pan      | Noticed Vehani the pandemonium lord
136418 | Pan      | Killed Vehani the pandemonium lord
136428 | Pan      | Got a demonic rune of Zot
136799 | Pan      | Identified the +5 sling of the Cup {freeze, *Slow Int+3
                  | Dex+3 Stlth+}
137055 | Pan      | Learned a level 9 spell: Shatter
137373 | Pan      | Noticed Cuaduror the pandemonium lord
137377 | Pan      | Reached skill level 15 in Earth Magic
137377 | Pan      | Killed Cuaduror the pandemonium lord
137379 | Pan      | Found a runed translucent door.
137472 | Depths:3 | Escaped Pandemonium
137638 | Depths:3 | Learned a level 6 spell: Dispersal
137682 | Depths:3 | Voluntarily entered the Abyss.
137803 | Abyss:2  | Found a corrupted altar of Lugonu.
137834 | Abyss:2  | Reached skill level 1 in Translocations
137960 | Abyss:3  | Found a corrupted altar of Lugonu.
138010 | Abyss:3  | Found a corrupted altar of Lugonu.
138020 | Abyss:4  | Found a corrupted altar of Lugonu.
138035 | Abyss:4  | Found a corrupted altar of Lugonu.
138158 | Abyss:4  | Gained mutation: You expend magic power (3 MP) to
                  | strengthen your wands. [a shining eye]
138180 | Abyss:4  | Got an abyssal rune of Zot
138193 | Depths:3 | Escaped the Abyss
138198 | Depths:3 | Lost mutation: You have sharp toenails. [potion of
                  | mutation]
138198 | Depths:3 | Lost mutation: You expend magic power (3 MP) to strengthen
                  | your wands. [potion of mutation]
138198 | Depths:3 | Gained mutation: You are dopey. (Int -2) [potion of
                  | mutation]
138198 | Depths:3 | Gained mutation: You possess an exceptional clarity of
                  | mind. [potion of mutation]
138198 | Depths:3 | Gained mutation: You are somewhat resistant to further
                  | mutation. [potion of mutation]
138199 | Depths:3 | Lost mutation: You are dopey. (Int -2) [potion of mutation]
138199 | Depths:3 | Lost mutation: You possess an exceptional clarity of mind.
                  | [potion of mutation]
138199 | Depths:3 | Lost mutation: You are somewhat resistant to further
                  | mutation. [potion of mutation]
138199 | Depths:3 | Gained mutation: Your flesh is cold resistant. (rC+)
                  | [potion of mutation]
138200 | Depths:3 | Lost mutation: Your flesh is cold resistant. (rC+) [potion
                  | of mutation]
138200 | Depths:3 | Gained mutation: You are agile. (Dex +4, Str/Int -1)
                  | [potion of mutation]
138200 | Depths:3 | Gained mutation: You are weak. (Str -2) [potion of
                  | mutation]
138201 | Depths:3 | Lost mutation: You are agile. (Dex +4, Str/Int -1) [potion
                  | of mutation]
138201 | Depths:3 | Lost mutation: You are weak. (Str -2) [potion of mutation]
138201 | Depths:3 | Gained mutation: You do not regenerate when monsters are
                  | visible. [potion of mutation]
138201 | Depths:3 | Gained mutation: Your movements are slightly less
                  | encumbered by armour. (ER -2) [potion of mutation]
138202 | Depths:3 | Lost mutation: Your movements are slightly less encumbered
                  | by armour. (ER -2) [potion of mutation]
138202 | Depths:3 | Lost mutation: You do not regenerate when monsters are
                  | visible. [potion of mutation]
138202 | Depths:3 | Gained mutation: You have hidden genetic potential. [potion
                  | of mutation]
138202 | Depths:3 | Gained mutation: Your muscles are strong. (Str +4, Int/Dex
                  | -1) [potion of mutation]
138202 | Depths:3 | Gained mutation: You occasionally shout uncontrollably at
                  | your foes. [potion of mutation]
138203 | Depths:3 | Lost mutation: You occasionally shout uncontrollably at
                  | your foes. [potion of mutation]
138203 | Depths:3 | Lost mutation: Your muscles are strong. (Str +4, Int/Dex
                  | -1) [potion of mutation]
138203 | Depths:3 | Gained mutation: You have a somewhat thin skeletal
                  | structure. (Dex +2, Stealth+) [potion of mutation]
138203 | Depths:3 | Gained mutation: You have sharp toenails. [potion of
                  | mutation]
138204 | Depths:3 | Lost mutation: You have a somewhat thin skeletal structure.
                  | (Dex +2, Stealth+) [potion of mutation]
138204 | Depths:3 | Lost mutation: You have hidden genetic potential. [potion
                  | of mutation]
138204 | Depths:3 | Lost mutation: You have sharp toenails. [potion of
                  | mutation]
138204 | Depths:3 | Gained mutation: You occasionally lose the ability to read
                  | scrolls when taking damage. [potion of mutation]
138204 | Depths:3 | Gained mutation: Your spells are a little harder to cast,
                  | but a little more powerful. [potion of mutation]
138205 | Depths:3 | Lost mutation: You occasionally lose the ability to read
                  | scrolls when taking damage. [potion of mutation]
138205 | Depths:3 | Lost mutation: Your spells are a little harder to cast, but
                  | a little more powerful. [potion of mutation]
138205 | Depths:3 | Gained mutation: You are dopey. (Int -2) [potion of
                  | mutation]
138205 | Depths:3 | Gained mutation: You are vulnerable to heat. (rF-) [potion
                  | of mutation]
138205 | Depths:3 | Lost mutation: You are dopey. (Int -2) [potion of mutation]
138205 | Depths:3 | Gained mutation: Your mind is acute. (Int +4, Str/Dex -1)
                  | [potion of mutation]
138206 | Depths:3 | Lost mutation: Your mind is acute. (Int +4, Str/Dex -1)
                  | [potion of mutation]
138206 | Depths:3 | Lost mutation: You are vulnerable to heat. (rF-) [potion of
                  | mutation]
138206 | Depths:3 | Gained mutation: Your skin changes colour to match your
                  | surroundings (Stealth+). [potion of mutation]
138206 | Depths:3 | Gained mutation: Your muscles are strong. (Str +4, Int/Dex
                  | -1) [potion of mutation]
138207 | Depths:3 | Lost mutation: Your skin changes colour to match your
                  | surroundings (Stealth+). [potion of mutation]
138207 | Depths:3 | Lost mutation: Your muscles are strong. (Str +4, Int/Dex
                  | -1) [potion of mutation]
138207 | Depths:3 | Gained mutation: You are dopey. (Int -2) [potion of
                  | mutation]
138207 | Depths:3 | Gained mutation: Your body sometimes deteriorates upon
                  | taking damage. [potion of mutation]
138207 | Depths:3 | Gained mutation: You occasionally shout uncontrollably at
                  | your foes. [potion of mutation]
138208 | Depths:3 | Lost mutation: You are dopey. (Int -2) [potion of mutation]
138208 | Depths:3 | Lost mutation: You occasionally shout uncontrollably at
                  | your foes. [potion of mutation]
138208 | Depths:3 | Lost mutation: Your body sometimes deteriorates upon taking
                  | damage. [potion of mutation]
138208 | Depths:3 | Gained mutation: Your body sometimes deteriorates upon
                  | taking damage. [potion of mutation]
138208 | Depths:3 | Gained mutation: You expend magic power (3 MP) to
                  | strengthen your wands. [potion of mutation]
138209 | Depths:3 | Lost mutation: You expend magic power (3 MP) to strengthen
                  | your wands. [potion of mutation]
138209 | Depths:3 | Lost mutation: Your body sometimes deteriorates upon taking
                  | damage. [potion of mutation]
138209 | Depths:3 | Gained mutation: Your body sometimes deteriorates upon
                  | taking damage. [potion of mutation]
138210 | Depths:3 | Lost mutation: Your body sometimes deteriorates upon taking
                  | damage. [potion of mutation]
138210 | Depths:3 | Gained mutation: Your flesh is cold resistant. (rC+)
                  | [potion of mutation]
138210 | Depths:3 | Gained mutation: Your spells are a little harder to cast,
                  | but a little more powerful. [potion of mutation]
138210 | Depths:3 | Gained mutation: Your flesh is very cold resistant. (rC++)
                  | [potion of mutation]
138300 | Coc:1    | Entered Level 1 of Cocytus
138324 | Coc:1    | Reached skill level 5 in Translocations
138324 | Coc:1    | Paralysed by a wendigo for 1 turns
138332 | Coc:1    | Paralysed by a wendigo for 1 turns
140220 | Coc:7    | Entered Level 7 of Cocytus
140943 | Coc:7    | Reached skill level 10 in Conjurations
141243 | Coc:7    | Identified the +0 fire dragon scales "Fiqa" {rPois rF++ rC-
                  | Will+ Int+3 SInv Stlth-}
141243 | Coc:7    | Noticed Antaeus
141247 | Coc:7    | Killed Antaeus
141255 | Coc:7    | Reached skill level 15 in Air Magic
142311 | Coc:7    | Got an icy rune of Zot
142841 | Coc:7    | Paralysed by a wendigo for 1 turns
143256 | Coc:7    | Found the +8 whip "Snakebite" {venom, curare, rPois}
143331 | Coc:7    | Identified the +4 great sword of Yleuhuuppa {venom, rElec}
143730 | Hell     | Learned a level 9 spell: Chain Lightning
143825 | Dis:1    | Entered Level 1 of the Iron City of Dis
144493 | Dis:4    | Killed an ancient lich
144493 | Dis:4    | Noticed an ancient lich
144493 | Dis:4    | Noticed an ancient lich
144494 | Dis:4    | Killed an ancient lich
144494 | Dis:4    | Noticed an ancient lich
144495 | Dis:4    | Reached skill level 15 in Conjurations
144495 | Dis:4    | Killed an ancient lich
144495 | Dis:4    | Killed an ancient lich
144495 | Dis:4    | Noticed an ancient lich
144496 | Dis:4    | Killed an ancient lich
145002 | Dis:7    | Entered Level 7 of the Iron City of Dis
145297 | Dis:7    | Noticed a juggernaut
145403 | Dis:7    | Killed a juggernaut
145634 | Dis:7    | Noticed a juggernaut
145638 | Dis:7    | Killed a juggernaut
146462 | Dis:7    | Noticed a juggernaut
146467 | Dis:7    | Killed a juggernaut
147028 | Dis:7    | Noticed the Serpent of Hell
147033 | Dis:7    | Killed the Serpent of Hell
147464 | Dis:7    | Acquired the Atlas of the Flashy Maleficium
147478 | Dis:7    | Learned a level 9 spell: Fire Storm
147817 | Dis:7    | Identified the +6 war axe "Moneucw" {venom, rN+ Int-3
                  | Dex+2}
148032 | Dis:7    | Noticed Dispater
148036 | Dis:7    | Killed Dispater
148128 | Dis:7    | Got an iron rune of Zot
149137 | Tomb:1   | Entered Level 1 of the Tomb of the Ancients
149185 | Tomb:1   | Noticed a royal mummy
149188 | Tomb:1   | Killed a royal mummy
149233 | Tomb:1   | Noticed a royal mummy
149237 | Tomb:1   | Noticed a royal mummy
149239 | Tomb:1   | Killed a royal mummy
149239 | Tomb:1   | Killed a royal mummy
149423 | Tomb:1   | Noticed a royal mummy
149424 | Tomb:1   | Noticed a royal mummy
149427 | Tomb:1   | Killed a royal mummy
149428 | Tomb:1   | Killed a royal mummy
149595 | Tomb:1   | Noticed a royal mummy
149597 | Tomb:1   | Killed a royal mummy
149815 | Tomb:1   | Noticed a royal mummy
149817 | Tomb:1   | Killed a royal mummy
149958 | Tomb:1   | Noticed a royal mummy
149962 | Tomb:1   | Killed a royal mummy
150068 | Tomb:1   | Noticed a royal mummy
150071 | Tomb:1   | Killed a royal mummy
150081 | Tomb:1   | Noticed a royal mummy
150085 | Tomb:1   | Killed a royal mummy
150437 | Tomb:1   | Noticed a royal mummy
150440 | Tomb:1   | Killed a royal mummy
150859 | Tomb:1   | Noticed a royal mummy
150862 | Tomb:1   | Killed a royal mummy
150863 | Tomb:1   | Noticed a royal mummy
150865 | Tomb:1   | Killed a royal mummy
150865 | Tomb:1   | Noticed a royal mummy
150870 | Tomb:1   | Killed a royal mummy
151116 | Tomb:1   | Noticed a royal mummy
151123 | Tomb:1   | Killed a royal mummy
151151 | Tomb:1   | Noticed a royal mummy
151153 | Tomb:1   | Killed a royal mummy
151471 | Tomb:1   | Noticed a royal mummy
151474 | Tomb:1   | Killed a royal mummy
151630 | Tomb:1   | Identified the +5 longbow "Geuck" {elec, rElec Will+ MP+9
                  | Dex-5}
152111 | Tomb:1   | Noticed a royal mummy
152114 | Tomb:1   | Killed a royal mummy
152894 | Tomb:3   | Entered Level 3 of the Tomb of the Ancients
152906 | Tomb:3   | Reached skill level 1 in Shapeshifting
152909 | Tomb:3   | Noticed a royal mummy
152909 | Tomb:3   | Noticed a royal mummy
152916 | Tomb:3   | Killed a royal mummy
152916 | Tomb:3   | Killed a royal mummy
152917 | Tomb:3   | Noticed a royal mummy
152918 | Tomb:3   | Killed a royal mummy
152922 | Tomb:3   | Noticed a royal mummy
152923 | Tomb:3   | Noticed a royal mummy
153319 | Tomb:3   | Killed a royal mummy
153331 | Tomb:3   | Noticed a royal mummy
153331 | Tomb:3   | Noticed a royal mummy
153333 | Tomb:3   | Noticed a royal mummy
153335 | Tomb:3   | Killed a royal mummy
153336 | Tomb:3   | Killed a royal mummy
153336 | Tomb:3   | Killed a royal mummy
153336 | Tomb:3   | Killed a royal mummy
153336 | Tomb:3   | Noticed a royal mummy
153339 | Tomb:3   | Killed a royal mummy
153957 | Tomb:3   | Identified the staff of the Candelabrum {Fragile rC+ Int+2
                  | Dex+3 Ice}
153971 | Tomb:3   | Identified the ring of Tomij {rF- rC+ Str+4 Int+6}
154144 | Tomb:3   | Identified the +5 longbow "Kualadgh" {heavy, rPois rN++
                  | Will+ Str-5}
154147 | Tomb:3   | Identified the +5 mace "Uwoch" {flame, Stlth+}
154159 | Tomb:3   | Identified the +1 cloak "Puphal" {rPois}
154179 | Tomb:3   | Identified the +0 scale mail of Tomorrow {Str+2}
154189 | Tomb:3   | Identified the +6 scale mail "Caset" {rElec rPois}
154322 | Tomb:3   | Got a golden rune of Zot
154911 | Tar:1    | Entered Level 1 of Tartarus
155404 | Tar:4    | Reached skill level 5 in Shapeshifting
155677 | Tar:5    | Noticed a dread lich
155677 | Tar:5    | Noticed an ancient lich
155677 | Tar:5    | Noticed an ancient lich
155677 | Tar:5    | Noticed an ancient lich
155678 | Tar:5    | Killed a dread lich
155680 | Tar:5    | Killed an ancient lich
155681 | Tar:5    | Killed an ancient lich
155682 | Tar:5    | Killed an ancient lich
156667 | Tar:7    | Entered Level 7 of Tartarus
158476 | Tar:7    | Reached skill level 27 in Fighting
158677 | Tar:7    | Identified the +2 war axe of Awkwardness {flame, Int+6}
158724 | Tar:7    | Identified the amulet "Quiros" {rN+ Regen+}
158998 | Tar:7    | Noticed Ereshkigal
160081 | Tar:7    | Killed Ereshkigal
160197 | Tar:7    | Got a bone rune of Zot
161255 | Zig:1    | Entered Level 1 of a ziggurat
161255 | Zig:1    | Noticed a dread lich
161257 | Zig:1    | Killed a dread lich
161312 | Zig:2    | Entered Level 2 of a ziggurat
161315 | Zig:2    | Reached skill level 10 in Shapeshifting
161368 | Zig:2    | Identified the +0 helmet "Zifetoc" {-Cast Str-5 Dex+8 SInv}
161370 | Zig:3    | Entered Level 3 of a ziggurat
161481 | Zig:4    | Entered Level 4 of a ziggurat
161538 | Zig:4    | Identified the +10 short sword "Ogrebane" {venom, rF+}
161548 | Zig:5    | Entered Level 5 of a ziggurat
161636 | Zig:5    | Identified the ring "Qoaruet" {rPois EV+5 Str+3 Int-4}
161648 | Zig:6    | Entered Level 6 of a ziggurat
161652 | Zig:6    | Found the +8 storm bow {elec, penet}
161732 | Zig:6    | Identified the ring "Ezorpheh" {Will+ SInv}
161738 | Zig:7    | Entered Level 7 of a ziggurat
161743 | Zig:7    | Noticed Itashogh the pandemonium lord
161745 | Zig:7    | Killed Itashogh the pandemonium lord
161855 | Zig:7    | Identified the +4 war axe of Ganepn {spect, Dex+3}
161866 | Zig:8    | Entered Level 8 of a ziggurat
161924 | Zig:8    | Identified the ring "Yregerio" {rElec rN++ Dex+6}
161955 | Zig:9    | Entered Level 9 of a ziggurat
161959 | Zig:9    | Noticed a royal mummy
161961 | Zig:9    | Noticed a royal mummy
161964 | Zig:9    | Killed a royal mummy
161968 | Zig:9    | Noticed a royal mummy
161969 | Zig:9    | Killed a royal mummy
161969 | Zig:9    | Killed a royal mummy
161972 | Zig:9    | Found the +10 tower shield of Ignorance {rN+ Int-4}
162145 | Zig:9    | Identified the +6 morningstar "Suk Naext" {distort, Fragile
                  | rElec rCorr}
162146 | Zig:9    | Identified the ring "Jotyamaq" {rElec rPois rF+}
162148 | Zig:9    | Identified the +6 dagger "Egess" {spect, rPois rN+}
162151 | Zig:9    | Acquired 669 gold pieces
162152 | Zig:9    | Acquired 1300 gold pieces
162179 | Zig:10   | Entered Level 10 of a ziggurat
162192 | Zig:10   | Found the ring of Shadows {Umbra +Inv Stlth+}
162303 | Zig:10   | Identified the +1 rapier "Yckeycs" {elec, rC+ Stlth+}
162305 | Zig:10   | Identified the staff "Grim" {rF+ rC+ Str-5 Dex+2 Ice}
162309 | Zig:10   | Identified the ring "Vunegrul" {rPois rN+}
162344 | Zig:11   | Entered Level 11 of a ziggurat
162356 | Zig:11   | Found the ring of the Octopus King
162480 | Zig:11   | Identified a ring of the Octopus King {rN+ HP+2 AC+2 EV+2
                  | SH+2}
162481 | Zig:11   | Identified the +11 flail of Intimidation {speed, +Blink
                  | rElec rPois Str-5}
162520 | Zig:12   | Entered Level 12 of a ziggurat
162676 | Zig:12   | Identified the +1 longbow "Impslayer" {elec, rElec rF+
                  | Str+3}
162693 | Zig:12   | Identified the staff of Twilight {rPois rF+ rC+ Int+4 Ice}
162728 | Zig:13   | Entered Level 13 of a ziggurat
162869 | Zig:13   | Identified the ring "Ettacol" {Wiz Drain Str+2 Dex+2}
162876 | Zig:13   | Identified the +7 plate armour "Vuhepha" {*Corrode rN++
                  | Will+}
162880 | Zig:13   | Identified the staff of the Dozen Shrikes {rElec Str+2 Air}
162908 | Zig:14   | Entered Level 14 of a ziggurat
162924 | Zig:14   | Reached skill level 15 in Shapeshifting
163008 | Zig:14   | Identified the +10 great mace "Worm's Wrath" {drain,
                  | Fragile rElec rF+ Dex+3}
163017 | Zig:14   | Identified the +9 sling "Pitufot" {freeze, rPois}
163071 | Zig:15   | Entered Level 15 of a ziggurat
163210 | Zig:15   | Identified the +7 halberd of the Jolly Friends {venom, rC+
                  | Str-3 Dex+3}
163211 | Zig:15   | Identified the +3 hand axe of Makhleb {spect, Str+3 SInv}
163214 | Zig:15   | Identified the ring of the Gloaming {rElec rC- rN+ rCorr
                  | Dex-2}
163217 | Zig:15   | Identified the ring of Dut Ulost {rPois rN+ Dex+6}
163227 | Zig:15   | Identified the +8 rapier of Tension {holy, Int-4 Dex+5
                  | Stlth+}
163261 | Zig:16   | Entered Level 16 of a ziggurat
163451 | Zig:16   | Identified the +6 battleaxe of the Ageless Artists {heavy,
                  | rN+ Will+ Str+2 Int-4}
163455 | Zig:16   | Identified the +1 quarterstaff of the Dove {flame, rElec
                  | rF++ rC- rN+++}
163456 | Zig:16   | Identified the ring of the Cursing Messenger {rElec rCorr}
163492 | Zig:17   | Entered Level 17 of a ziggurat
163696 | Zig:17   | Acquired 815 gold pieces
163697 | Zig:17   | Acquired 925 gold pieces
163701 | Zig:17   | Identified the ring "Fuxzuf" {Dex+3 Slay+4}
163725 | Zig:17   | Identified the staff of Ashenzari's Regard {Fragile rC+
                  | Str+3 Int+3 Ice}
163726 | Zig:17   | Identified the +3 battleaxe of Uthiarcha {heavy, Drain MP+9
                  | Str+2}
163758 | Zig:18   | Entered Level 18 of a ziggurat
163901 | Zig:18   | Identified the +5 battleaxe "Worm's Wrath" {holy, Str+3}
163909 | Zig:18   | Identified the +1 chain mail of the Shishi {Harm rElec
                  | rPois Stlth+}
163913 | Zig:18   | Identified the +6 falchion of Nixutu {drain, *Rage rElec
                  | rC+++ Int+3}
163920 | Zig:18   | Identified the +2 leather armour of a sewer {MP+9 Str+2
                  | Int+2 Stlth-}
163996 | Zig:19   | Entered Level 19 of a ziggurat
164229 | Zig:19   | Identified the ring "Maitu" {Contam rPois Dex+3 SInv}
164243 | Zig:19   | Identified the +2 quarterstaff of the Pits of Slime {vamp,
                  | rPois rF++}
164244 | Zig:19   | Identified the ring of Purghif {rN+ Int+4 Dex+6 Stlth-}
164310 | Zig:20   | Entered Level 20 of a ziggurat
164325 | Zig:20   | Noticed a royal mummy
164327 | Zig:20   | Noticed a royal mummy
164328 | Zig:20   | Noticed a royal mummy
164329 | Zig:20   | Noticed a royal mummy
164330 | Zig:20   | Noticed a royal mummy
164330 | Zig:20   | Noticed a royal mummy
164331 | Zig:20   | Killed a royal mummy
164331 | Zig:20   | Killed a royal mummy
164331 | Zig:20   | Killed a royal mummy
164331 | Zig:20   | Killed a royal mummy
164332 | Zig:20   | Noticed a royal mummy
164333 | Zig:20   | Noticed a royal mummy
164334 | Zig:20   | Killed a royal mummy
164334 | Zig:20   | Killed a royal mummy
164335 | Zig:20   | Killed a royal mummy
164336 | Zig:20   | Noticed a royal mummy
164337 | Zig:20   | Killed a royal mummy
164338 | Zig:20   | Noticed a royal mummy
164338 | Zig:20   | Noticed a royal mummy
164341 | Zig:20   | Killed a royal mummy
164341 | Zig:20   | Killed a royal mummy
164341 | Zig:20   | Killed a royal mummy
164780 | Zig:20   | Identified the +5 demon whip of Demonkind {freeze, rF-
                  | Str-2 Int+5 SInv}
164785 | Zig:20   | Identified the +2 pair of gloves of the Equator {Int+7}
164801 | Zig:20   | Acquired 612 gold pieces
164848 | Zig:21   | Entered Level 21 of a ziggurat
164866 | Zig:21   | Paralysed by an air elemental for 1 turns
165038 | Zig:21   | Acquired a manual of Translocations
165040 | Zig:21   | Identified the +0 robe of Dogmatism {Rampage rPois MP-9
                  | Stlth+}
165047 | Zig:21   | Identified the +0 ring mail of Reithid {*Slow rPois rF-
                  | rCorr}
165145 | Zig:21   | Identified the +11 mace of Propriety {vamp, Int+5 Dex-3}
165228 | Zig:22   | Entered Level 22 of a ziggurat
165630 | Zig:22   | Identified the +6 trident of Strategic Superiority {freeze,
                  | rN+ Dex+2}
165631 | Zig:22   | Identified the +3 scale mail of Hangman {Dex+6}
165637 | Zig:22   | Identified the +10 quarterstaff of Mayhem {speed, rC-
                  | rN+++}
165654 | Zig:22   | Identified the +9 war axe of Calamity {flame, rN+ Int+6
                  | Dex-5}
165719 | Zig:23   | Entered Level 23 of a ziggurat
165757 | Zig:23   | Found the +8 Vampire's Tooth {megavamp}
165928 | Zig:23   | Identified the +4 shortbow of Conservatism {flame, Int+6}
166027 | Zig:24   | Entered Level 24 of a ziggurat
166069 | Zig:24   | Found the +7 great mace "Firestarter" {flame, immolate,
                  | rFlCloud rF++}
166272 | Zig:24   | Identified the +7 hand axe of Qioptox {drain, rPois Int+3
                  | Dex+6}
166277 | Zig:24   | Identified the +5 plate armour of the Other World {rF+
                  | Slay+2}
166353 | Zig:25   | Entered Level 25 of a ziggurat
166371 | Zig:25   | Noticed a juggernaut
166378 | Zig:25   | Killed a juggernaut
166605 | Zig:25   | Found the ring of the Octopus King
166614 | Zig:25   | Identified the +11 lajatang of Watchfulness {venom, Int+4}
166633 | Zig:25   | Identified the ring of Equivalence {rElec rPois rC+ rN+}
166635 | Zig:25   | Identified the amulet of Ojuet {Regen+ Int+2 Dex+2 Slay-6}
166652 | Zig:25   | Identified the +2 great sword "Sirgh" {freeze, rPois Dex+2}
166658 | Zig:25   | Acquired 724 gold pieces
166664 | Zig:25   | Identified a ring of the Octopus King {HP+2 MP+9 AC+2 EV+2
                  | SH+2}
166665 | Zig:25   | Identified the staff of Ambiguity {Fire Earth}
166740 | Zig:26   | Entered Level 26 of a ziggurat
166763 | Zig:26   | Noticed a dread lich
166766 | Zig:26   | Killed a dread lich
167413 | Zig:26   | Identified the +1 long sword "Nuficve" {freeze, +Blink
                  | Will+ rCorr}
167513 | Zig:27   | Entered Level 27 of a ziggurat
167545 | Zig:27   | Reached skill level 10 in Translocations
167556 | Zig:27   | Found the +10 dark maul {heavy}
167889 | Zig:27   | Found the dreamshard necklace {Acrobat *Dream}
167889 | Zig:27   | Found the amulet of the Air {Inacc Air Fly rElec RMsl}
167890 | Zig:27   | Found the +3 Mad Mage's Maulers {Infuse+∞ VampMP -Cast}
167908 | Zig:27   | Identified the +4 scimitar of Dust {freeze, MP+9 Str+3
                  | Stlth-}
167921 | Zig:27   | Identified the +4 quarterstaff "Qascheor" {holy, rElec}
167947 | Zig:27   | Identified the +8 orcbow of the Bespelling Gods {speed,
                  | rElec rF+ rC- rN+}
167948 | Zig:27   | Identified the +5 ring mail of Ozaat {Int+2 Dex+4}
168161 | Zot:5    | Noticed an orb of fire
168166 | Zot:5    | Killed an orb of fire
168166 | Zot:5    | Noticed a dread lich
168171 | Zot:5    | Killed a dread lich
168172 | Zot:5    | Reached skill level 27 in Evocations
168322 | Zot:5    | Noticed an orb of fire
168322 | Zot:5    | Gained mutation: You are vulnerable to heat. (rF-) [an orb
                  | of fire]
168454 | Zot:5    | Gained mutation: You are weak. (Str -2) [an orb of fire]
168456 | Zot:5    | Gained mutation: You are dopey. (Int -2) [an orb of fire]
168458 | Zot:5    | Killed an orb of fire
168622 | Zot:4    | Lost mutation: You are weak. (Str -2) [potion of mutation]
168622 | Zot:4    | Lost mutation: You are vulnerable to heat. (rF-) [potion of
                  | mutation]
168622 | Zot:4    | Lost mutation: Your flesh is very cold resistant. (rC++)
                  | [potion of mutation]
168622 | Zot:4    | Gained mutation: You expend magic power (3 MP) to
                  | strengthen your wands. [potion of mutation]
168854 | Zot:5    | Noticed an orb of fire
168862 | Zot:5    | Killed an orb of fire
169280 | Zot:5    | Noticed an orb of fire
169282 | Zot:5    | Noticed an orb of fire
169286 | Zot:5    | Killed an orb of fire
169286 | Zot:5    | Killed an orb of fire
169312 | Zot:5    | Reached skill level 15 in Shields
169762 | Zot:5    | Got the Orb of Zot
170248 | D:$      | Escaped with the Orb!

Illustrated notes

Levels and vault maps discovered:
D:1:      minmay_arrival_three_doors, layout_loops_ring, minmay_tromino_v2
D:2:      layout_rooms, ebering_ecumenical_altar_hall, serial_shops,
          nicolae_shop_scrapyard, minmay_misc_feat_hallway
D:3:      layout_rooms, mainiacjoe_overflow_boulevard, lemuel_crystal_altar,
          serial_curves, eino_curves_02, eino_curves_04, uniq_jessica
D:4:      layout_basic, chequers_serial_rivers_micro_b
D:5:      layout_basic, mainiacjoe_overflow_surrounded_room,
          nicolae_ru_path_of_blood, mainiacjoe_overflow_large_starburst,
          minmay_temple_entry_drinking_statues, uniq_blork_the_orc, uniq_ijyb
D:6:      layout_basic, nzn_wu_jian_council_hall,
          nicolae_overflow_hidden_temple, hangedman_decor_lopped,
          serial_bayou_crossing
D:7:      layout_loops_ring, marbit_many_paths, uniq_joseph, uniq_pikel
D:8:      layout_rooms, fedhas_altar_2,
          ploomutoo_gammafunk_ghost_potion_laboratory
D:9:      layout_cave_pools, lemuel_crystal_altar, lemuel_crystal_altar,
          hiddenorc2_lemuel, enter_bailey_5
D:10:     hangedman_screamer, layout_irregular_city, vehumet_altar_wand_db,
          dpeg_lair_monsters
D:11:     layout_irregular_city, portal_ice_cave_entry_imps,
          minmay_statue_bubble
D:12:     layout_stronghold, drop_trap, uniq_sonja
D:13:     layout_basic, david_vaults_4, serial_shops,
          nicolae_shop_window_shopping, ebering_ghost_inner_flame,
          ashenzari_altar_1, uniq_azrael
D:14:     layout_cave_pods, nicolae_hepliaklqana_hazy_memory, minmay_crystal_box
D:15:     grunt_enter_depths_hoard, layout_loops_cross, grunt_dithmenos_smoke,
          minivault_16, tso_metal_star
Temple:   kb_temple_of_zot
Lair:1:   layout_chaotic_city, ebering_ghost_funeral_grove,
          grunt_forest_small_clearing_treed, grunt_megastairs_2,
          serial_bayou_shore_a, lemuel_fruit_tree, uniq_grum
Lair:2:   layout_roguey, spider_nest_entry_web_field,
          chequers_serial_rivers_micro_e
Lair:3:   layout_chaotic_city, swamp_mist, worms_lemuel, grunt_megastairs_4
Lair:4:   dragon1_lemuel, layout_gridlike, dreamdust_gnoll_shepherd, uniq_kirke
Lair:5:   due_jungle_book, layout_cave_pods, slime_entry_1,
          nicolae_lair_grazing_beasts [nicolae_sub_lair_graze_edge,
          nicolae_sub_lair_graze_edge, nicolae_sub_lair_graze_edge,
          nicolae_sub_lair_graze_edge]
Swamp:1:  layout_falls_marsh, evilmike_swamp_ruin_house_1,
          infiniplex_staircase_pool, uniq_louise
Swamp:2:  layout_falls_marsh, nicolae_swamp_little_swirl
Swamp:3:  layout_falls_marsh, evilmike_swamp_ruin_house_2, swamp_pool4,
          nicolae_swamp_tree_designs
Swamp:4:  swamp_old_school, layout_basic_swamp, swamp_pool3
Spider:1: layout_spider_delve, uniq_rupert, uniq_josephine
Spider:2: layout_spider_delve, nicolae_spider_cling_halls, uniq_arachne,
          uniq_mlioglotl
Spider:3: layout_spider_delve, einodemon_crawler_minivault,
          hangedman_spider_tarantella_strand, uniq_bai_suzhen, uniq_jorgrun
Spider:4: hellmonk_spider_rune_endless_swarm, nicolae_spider_swamp_cousins
Slime:1:  layout_caves
Slime:2:  cheibrodos_slime_lost_civilization_1, layout_caves
Slime:3:  layout_caves, nicolae_slime_phagocytosis
Slime:4:  layout_caves, dissolution_awaits
Slime:5:  slime_pit_nicolae_royal_road_to_ruin
Orc:1:    layout_caves, basic_altar, serial_shops, nicolae_shop_trees,
          uniq_nergalle
Orc:2:    pf_orc_diabolical, layout_caves, nicolae_orc_lost_temple
Elf:1:    nicolae_elf_arrival_no_cutting_in_line, layout_onion_city,
          serial_shops, shop, minmay_elf_demonology, einodemon_barbed_minivault
Elf:2:    elven_hall_of_blades_hangedman_original [nicolae_blade_little_rooms],
          layout_onion_city, uniq_saint_roka
Elf:3:    grunt_elf_hall_asides, layout_onion_city, nrook_loot_triangle,
          uniq_donald, uniq_mara
Vaults:1: nicolae_vaults_gold_heap, v_misc_24, vaults_dpeg_diagonal,
          nicolae_vaults_closet_pinwheel_1, v_misc_9,
          nicolae_vaults_sesquioval_fish, v_misc_27,
          nicolae_vaults_ninety_degrees, hangedman_vaults_locks,
          nicolae_vaults_little_squares_2, nicolae_vaults_inception_statues,
          layout_vaults_maze, enter_trove_2
Vaults:2: hangedman_vaults_maws, v_misc_4, ontoclasm_vaults_ring_small,
          v_alt_pattern_4, nicolae_vaults_two_Ls,
          nicolae_vaults_yaktaur_gun_rack, vaults_room_door_hall,
          layout_vaults_quadrants, serial_shops, shop,
          nicolae_shop_just_a_little_nook, shop
Vaults:3: hangedman_vaults_stitches, v_misc_4, ontoclasm_vaults_hangar,
          st_octagons_1, nicolae_vaults_little_ls,
          minmay_crypt_entry_simple_round, v_misc_3, hangedman_vaults_slice,
          nicolae_vaults_storage_room_water, nicolae_vaults_rhombus_6,
          nicolae_vaults_house_1, ontoclasm_vaults_decontamination,
          nicolae_vaults_diamond_1, nicolae_vaults_three_branches,
          layout_vaults_omnicross
Vaults:4: nicolae_vaults_branching_niches, v_alt_pattern_3, vaults_dpeg_hooks,
          nicolae_vaults_trapezoid_1, hangedman_vaults_snaps,
          vaults_mumra_minichess_inversion, nicolae_vaults_tetromino_Z_1,
          v_misc_9, ontoclasm_vaults_ring_small, layout_vaults_omnibox
Vaults:5
Crypt:1:  cheibrodos_crypt_3hun_7po, layout_chaotic_city,
          hellmonk_ghost_big_iron, nicolae_crypt_little_mausoleum, uniq_xtahua,
          uniq_grunn
Crypt:2:  layout_chaotic_city, minmay_misc_feat_ornament
Crypt:3:  church_of_pain_bobbens, layout_chaotic_city, serial_glass,
          glass_columns_a, glass_columns_a, hangedman_summoners_spam, uniq_khufu
Tomb:1
Tomb:2
Tomb:3
Depths:1: layout_basic, pan_entry, hell_entry, chequers_serial_rivers_micro_d,
          interstate_on_off, nicolae_shop_i_like_small_books_too,
          minmay_librarian
Depths:2: kennysheep_spiral_hall, layout_gridlike, enter_ziggurat_b,
          basic_altar, serial_aquarium, aquarium_bridge_long_joined
          [aquarium_subvault_bridge, aquarium_subvault_window,
          aquarium_subvault_wall, aquarium_subvault_wall,
          aquarium_subvault_bridge, aquarium_subvault_bridge],
          aquarium_window_1, aquarium_window_fake, aquarium_window_fake,
          aquarium_view_2c, aquarium_balcony_3b, grunt_mini_vestibule, pan_entry
Depths:3: evilmike_silver_temple, layout_basic, serial_shops,
          nicolae_shop_getting_attention, shop, minmay_misc_feat_x, hell_entry,
          pan_entry, abyss_entry_flame_altar
Depths:4: grunt_x_marks_the_spot, layout_basic, hellmouth_1,
          nicolae_abyss_entry_one_way_or_another, chequers_serial_rivers_micro_c
Hell
Dis:1:    layout_subdivisions
Dis:2:    layout_subdivisions
Dis:3:    layout_gridville
Dis:4:    layout_regular_city, nicolae_hells_leichenhalle
Dis:5:    layout_jigsaw
Dis:6:    layout_subdivisions, minmay_strange_pillars
Dis:7:    dis_grunt_layers
Geh:1:    layout_gehenna_lava_caves
Geh:2:    layout_gehenna_lava_caves
Geh:3:    layout_gehenna_pools_triple, nicolae_geh_fiery_graves
          [nicolae_geh_single_fiery_grave, nicolae_geh_single_fiery_grave,
          nicolae_geh_single_fiery_grave, nicolae_geh_single_fiery_grave,
          nicolae_geh_single_fiery_grave, nicolae_geh_single_fiery_grave,
          nicolae_geh_single_fiery_grave, nicolae_geh_single_fiery_grave,
          nicolae_geh_single_fiery_grave]
Geh:4:    layout_gehenna_pools_basic
Geh:5:    layout_gehenna_pools_triple
Geh:6:    hangedman_generic_boss_arena
Geh:7:    geh_mu
Coc:1:    layout_cocytus_delve
Coc:2:    layout_cocytus_water_paths
Coc:3:    layout_cocytus_water_paths
Coc:4:    nicolae_coc_on_the_berg
Coc:5:    nicolae_coc_three_mouths, layout_cocytus_delve
Coc:6:    layout_ice_bergs
Coc:7:    coc_grunt
Tar:1:    layout_grid_maze
Tar:2:    layout_catacombs
Tar:3:    layout_grid_maze
Tar:4:    layout_honeycomb
Tar:5:    layout_honeycomb, nicolae_tar_liches_on_tour
Tar:6:    layout_grid_maze
Tar:7:    tar_mu [tar_mu_maze]
Zot:1:    nicolae_zot_draconian_monastery, layout_twisted_circle,
          evilmike_ambush [evilmike_ambush_outer_basic,
          evilmike_ambush_inner_basic]
Zot:2:    layout_misc_corridors, gammafunk_ghost_arena
Zot:3:    layout_misc_corridors, bh_zot_ikea_curve, grunt_ministairs_12
Zot:4:    layout_basic, ebering_ghost_xom, hellmonk_zot_clocked, uniq_josephina
Zot:5:    layout_cathedral_of_symmetry, st_stairs_9, drop_trap

Skill      XL: |  1  2  3  4  5  6  7  8  9 10 11 12 13 14 15 16 17 18 19 20 21 22 23 24 25 26 27 |
---------------+----------------------------------------------------------------------------------+-----
Stealth        | 2 3 4 7 8 10 24 | 24.4
Fighting       | 1 2 3 4 5 7 9 10 27 | 27.0
Ice Magic      | 4 5 6 7 8 10 12 15 16 17 20 22 23 24 25 | 25.0
Spellcasting   | 3 4 5 6 8 10 11 12 13 14 15 16 18 19 20 21 22 27 | 27.0
Evocations     | 1 2 4 5 7 9 10 27 | 27.0
Hexes          | 1 2 3 4 |  4.0
Invocations    | 3 6 9 11 12 14 16 21 27 | 27.0
Short Blades   | 3 6 7 8 |  8.0
Necromancy     | 5 8 11 16 23 | 23.0
Air Magic      | 3 5 8 9 20 | 20.3
Fire Magic     | 6 10 11 15 18 20 | 20.3
Earth Magic    | 5 22 | 22.1
Conjurations   | 5 22 | 22.0
Transmutations | 5 |  5.0
Shields        | 3 5 15 | 15.1
Dodging        | 13 | 13.3
Translocations | 12 | 12.7
Shapeshifting  | 23 | 23.0

Action                     |  1- 3 |  4- 6 |  7- 9 | 10-12 | 13-15 | 16-18 | 19-21 | 22-24 | 25-27 || total
---------------------------+-------+-------+-------+-------+-------+-------+-------+-------+-------++-------
  Melee: Staff             |     4 |       |       |       |       |       |    27 |    41 |   194 ||   266
         Dagger            |     1 |    43 |   116 |   786 |   381 |       |       |       |       ||  1327
         Punch             |       |     1 |     3 |     6 |       |       |     1 |       |       ||    11
         Halberd           |       |       |       |       |    65 |   135 |   100 |     2 |       ||   302
  Throw: Boomerang         |     5 |       |       |       |       |       |       |       |       ||     5
         Dart              |       |    15 |     7 |    10 |    13 |     4 |       |       |       ||    49
         Throwing net      |       |       |       |       |       |       |       |       |     1 ||     1
   Cast: Freeze            |    48 |    27 |       |       |       |       |       |       |       ||    75
         Frozen Ramparts   |       |    13 |    32 |    32 |     4 |       |       |       |       ||    81
         Ozocubu's Armour  |       |     2 |    14 |    34 |    15 |    11 |     9 |       |     3 ||    88
         Ensorcelled Hiber |       |       |     3 |    77 |   158 |       |       |       |       ||   238
         Summon Ice Beast  |       |       |       |    55 |       |       |       |       |       ||    55
         Anguish           |       |       |       |     6 |    46 |       |       |       |       ||    52
         Jinxbite          |       |       |       |     1 |       |       |       |       |       ||     1
         Dispel Undead     |       |       |       |       |    31 |    10 |     5 |       |     8 ||    54
         Ozocubu's Refrige |       |       |       |       |   178 |   441 |   272 |   130 |   329 ||  1350
         Simulacrum        |       |       |       |       |     3 |    83 |     6 |       |       ||    92
         Plasma Beam       |       |       |       |       |       |    13 |   277 |   236 |   269 ||   795
         Borgnjor's Vile C |       |       |       |       |       |       |     5 |     3 |    15 ||    23
         Polar Vortex      |       |       |       |       |       |       |     9 |    76 |   259 ||   344
         Irradiate         |       |       |       |       |       |       |       |     4 |    41 ||    45
         Ignition          |       |       |       |       |       |       |       |       |   269 ||   269
         Shatter           |       |       |       |       |       |       |       |       |   633 ||   633
         Sublimation of Bl |       |       |       |       |       |       |       |       |   159 ||   159
         Fire Storm        |       |       |       |       |       |       |       |       |   151 ||   151
         Chain Lightning   |       |       |       |       |       |       |       |       |    80 ||    80
         Maxwell's Capacit |       |       |       |       |       |       |       |       |    33 ||    33
         Death's Door      |       |       |       |       |       |       |       |       |    11 ||    11
         Blink             |       |       |       |       |       |       |       |       |     1 ||     1
 Invoke: Stomp             |       |       |       |     8 |       |       |       |       |       ||     8
         Line Pass         |       |       |       |       |     1 |       |       |       |       ||     1
         Grand Finale      |       |       |       |       |       |       |       |       |     1 ||     1
Ability: Evoke Invisibilit |       |       |       |       |       |       |       |       |     9 ||     9
         Begin Untransform |       |       |       |       |       |       |       |       |     2 ||     2
  Evoke: Wand              |     1 |    13 |    17 |    50 |    42 |    38 |    13 |     4 |    24 ||   202
         Lightning rod     |       |       |       |       |       |       |       |       |    12 ||    12
         Condenser vane    |       |       |       |       |       |       |       |       |     3 ||     3
         Horn of Geryon    |       |       |       |       |       |       |       |       |     1 ||     1
         Box of beasts     |       |       |       |       |       |       |       |       |     1 ||     1
         Figurine of a zig |       |       |       |       |       |       |       |       |     1 ||     1
         Phantom mirror    |       |       |       |       |       |       |       |       |     1 ||     1
    Use: Scroll            |     4 |     2 |     5 |    13 |    10 |     9 |    10 |     6 |    38 ||    97
         Potion            |       |       |       |     3 |     3 |     6 |     7 |     3 |    83 ||   105
   Stab: Sleeping          |     1 |       |     3 |    59 |   128 |       |     1 |       |       ||   192
         Paralysed         |       |       |     5 |    19 |    45 |    29 |    11 |     7 |    28 ||   144
         Invisible         |       |       |       |     2 |       |       |       |       |     1 ||     3
         Distracted        |       |       |       |     2 |       |       |     1 |     1 |       ||     4
 Armour: Robe              |    16 |    32 |    53 |   343 |       |       |       |       |       ||   444
         Animal skin       |       |       |       |    55 |   301 |   249 |   209 |   256 |   904 ||  1974
         Leather armour    |       |       |       |       |       |       |       |       |   122 ||   122
  Dodge: Dodged            |    18 |    40 |    43 |   383 |   296 |   107 |    83 |    86 |   472 ||  1528
         Repelled          |       |       |       |    15 |     2 |     1 |       |     6 |     5 ||    29
  Block: Other             |       |       |    39 |    35 |    26 |    28 |    21 |     7 |       ||   156
         Reflection        |       |       |     3 |    13 |     3 |       |       |       |       ||    19
         Orb               |       |       |       |   231 |   175 |       |       |       |       ||   406
         Buckler           |       |       |       |       |       |       |       |    67 |   330 ||   397
   Form: Death             |       |       |       |       |       |       |       |       |     2 ||     2

Table legend: (Time is in decaauts)
 A = Elapsed time spent in this place.
 B = Non-inter-level travel time spent in this place.
 C = Inter-level travel time spent in this place.
 D = Time resting spent in this place.
 E = Time spent auto-exploring this place.
 F = Levels seen in this place.
 G = Mean time per level.
                   A        B        C        D        E       F      G
               +--------+--------+--------+--------+--------+-----+--------+
         Total | 171177 | 158819 |  12358 |  13545 | 120756 | 168 | 1018.9 |
       Dungeon |  24290 |  20092 |   4198 |    964 |  15963 |  15 | 1619.3 |
        Temple |     59 |      3 |     56 |      0 |      0 |   1 |   59.0 |
          Lair |  10166 |   9298 |    868 |   1180 |   6485 |   5 | 2033.2 |
         Swamp |   7295 |   7093 |    202 |    280 |   6245 |   4 | 1823.8 |
   Spider Nest |  11161 |  10877 |    284 |    701 |   8995 |   4 | 2790.2 |
    Slime Pits |   1999 |   1857 |    142 |    514 |   1023 |   5 |  399.8 |
  Orcish Mines |   4879 |   4541 |    338 |    240 |   3709 |   2 | 2439.5 |
   Elven Halls |  11295 |  10830 |    465 |    958 |   8468 |   3 | 3765.0 |
        Vaults |  18957 |  16597 |   2360 |   1094 |  13823 |   5 | 3791.4 |
         Crypt |   6658 |   6420 |    238 |    142 |   5434 |   3 | 2219.3 |
          Tomb |   4877 |   4775 |    102 |    639 |   3482 |   3 | 1625.7 |
        Depths |  12213 |  10373 |   1840 |   1436 |   7910 |   4 | 3053.2 |
          Hell |   1674 |   1406 |    268 |    418 |    726 |   1 | 1674.0 |
           Dis |   4524 |   4420 |    104 |    395 |   3486 |   7 |  646.3 |
       Gehenna |   3724 |   3611 |    113 |    175 |   2716 |   7 |  532.0 |
       Cocytus |   5604 |   5547 |     57 |    369 |   4542 |   7 |  800.6 |
      Tartarus |   5764 |   5638 |    126 |    756 |   4235 |   7 |  823.4 |
           Zot |  10542 |   9952 |    590 |   1207 |   7341 |   5 | 2108.4 |
         Abyss |    994 |    994 |      0 |     20 |    282 |   4 |  248.5 |
   Pandemonium |   7709 |   7709 |      0 |    677 |   4397 |  19 |  405.7 |
      Ziggurat |  12623 |  12623 |      0 |    509 |   9281 |  54 |  233.8 |
         Trove |    105 |    105 |      0 |      0 |     58 |   1 |  105.0 |
        Bailey |    748 |    748 |      0 |    149 |    403 |   1 |  748.0 |
      Ice Cave |   3305 |   3305 |      0 |    718 |   1746 |   1 | 3305.0 |
               +--------+--------+--------+--------+--------+-----+--------+

Top non-repeatable levels by time:
   Elf:3: 5903 daAuts
Spider:4: 4894 daAuts
Vaults:4: 4703 daAuts
   Tar:7: 4418 daAuts
Depths:3: 4374 daAuts
Vaults:3: 3950 daAuts
Vaults:2: 3787 daAuts
   Orc:2: 3711 daAuts
   Coc:7: 3681 daAuts
    D:14: 3413 daAuts
  Lair:5: 3349 daAuts
   Dis:7: 3343 daAuts
Vaults:5: 3329 daAuts
   IceCv: 3305 daAuts
 Crypt:3: 3277 daAuts
